 Dungeon Crawl Stone Soup version 0.32-a0-473-gd044c6f0f0 (webtiles) character file.

Game seed: 3643867067326518448

15742772 sleeves the Heavyweight Champion (level 27, 323/323 HPs)
             Began as a Troll Alchemist on Feb 26, 2024.
             Was the Champion of Cheibriados.
             Escaped with the Orb
             ... and 15 runes!
             The game lasted 04:52:14 (99464 turns).

sleeves the Heavyweight Champion (Troll Alchemist) Turns: 99464, Time: 04:52:14

Health: 323/323    AC: 29    Str: 55    XL:     27
Magic:  42/42      EV: 24    Int: 30    God:    Cheibriados [******]
Gold:   6046       SH: 33    Dex: 26    Spells: 39/59 levels left

rFire   + +          .
                       - Unarmed
rCold   + + +        m - +8 tower shield {rF+}
rNeg    + + +        T - +12 gold dragon scales
rPois   ∞            L - +3 crown of Dyrovepreva {rElec Int+2 SInv}
rElec   +            H - scarf of the Eight Boll Weevils {repulsion, ^Drain +Blink rCorr Dex+5}
rCorr   +            (gloves unavailable)
SInv    +            (boots unavailable)
Will    +++++        Y - amulet of the Four Winds {rN+ Will+++ Clar} Stlth
                     q - ring "Ydesk" {rC+ rN+ Str+6 Int+2 Dex-4}
HPRegen 1.53/turn    O - ring "Gast" {^Contam rN++ Will+ EV+5}
MPRegen 0.28/turn

%: repel missiles, clarity
@: death-form, studying 2 skills, very slow
A: vile attack, torment immunity, no potions, large, unfitting armour, claws 3,
regeneration 1, shaggy fur 1, tough skin 1, mutation resistance 1
0: Orb of Zot
}: 15/15 runes: decaying, slimy, silver, golden, iron, obsidian, icy, bone,
abyssal, demonic, glowing, magical, fiery, dark, gossamer
a: Siphon Essence, Begin Untransformation, Renounce Religion, Evoke Blink, Bend
Time, Temporal Distortion, Slouch, Step From Time


You escaped.
You worshipped Cheibriados.
Cheibriados was exalted by your worship.
You were an undying horror.
You visited 18 branches of the dungeon, and saw 88 of its levels.
You visited Pandemonium 4 times, and saw 27 of its levels.
You visited the Abyss 1 time.
You also visited: Trove, Sewer and Gauntlet.

You collected 10873 gold pieces.
You spent 4827 gold pieces at shops.

Inventory:

Armour
 m - a +8 tower shield of fire resistance (worn)
   (You took it off a demonspawn warmonger in Pandemonium)
 H - the scarf of the Eight Boll Weevils (worn) {repulsion, ^Drain +Blink rCorr Dex+5}
   (You found it on level 3 of the Elven Halls)

   Dex+5:     It affects your dexterity (+5).
   +Blink:    It lets you blink.
   rCorr:     It protects you from acid and corrosion.
   ^Drain:    It drains your maximum health when unequipped.
 L - the +3 crown of Dyrovepreva (worn) {rElec Int+2 SInv}
   (You bought it in a shop on level 15 of the Dungeon)

   Int+2:     It affects your intelligence (+2).
   rElec:     It insulates you from electricity.
   SInv:      It lets you see invisible.
 T - +12 gold dragon scales (worn)
   (You took it off Parghit on level 3 of the Depths)
Jewellery
 p - the amulet of Pride {rPois Regen+ MP-9 SInv}
   (You found it in a treasure trove)

   [amulet of regeneration]

   rPois:     It protects you from poison MP-9: It affects your magic capacity
   (-9).
   SInv:      It lets you see invisible.
   Regen+:    It increases your rate of health regeneration.
 q - the ring "Ydesk" (left claw) {rC+ rN+ Str+6 Int+2 Dex-4}
   (You bought it in a shop on level 3 of the Elven Halls)

   [ring of strength]

   Str+6:     It affects your strength (+6).
   Int+2:     It affects your intelligence (+2).
   Dex-4:     It affects your dexterity (-4).
   rC+:       It protects you from cold.
   rN+:       It protects you from negative energy.
 G - a ring of flight
   (You found it on level 5 of the Pits of Slime)
 J - the amulet of Guojac {Faith rF+ rN+ Int+2}
   (You found it in a treasure trove)

   [amulet of faith]

   Faith:     It allows you to gain divine favour quickly.
   Int+2:     It affects your intelligence (+2).
   rF+:       It protects you from fire.
   rN+:       It protects you from negative energy.
 O - the ring "Gast" (right claw) {^Contam rN++ Will+ EV+5}
   (You found it on level 5 of the Pits of Slime)

   [ring of evasion]

   EV+5:      It affects your evasion (+5).
   rN++:      It greatly protects you from negative energy.
   Will+:     It increases your willpower.
   ^Contam:   It causes magical contamination when unequipped.
 R - the ring "Icsa Duq" {Ice Int+3 Dex+2}
   (You found it on level 3 of the Tomb of the Ancients)

   [ring of ice]

   Ice:       It enhances your ice magic.
   Int+3:     It affects your intelligence (+3).
   Dex+2:     It affects your dexterity (+2).
   rF-:       It makes you vulnerable to fire.
   rC+:       It protects you from cold.
 Y - the amulet of the Four Winds (around neck) {rN+ Will+++ Clar}
   (You took it off a deep elf death mage on level 3 of the Elven Halls)

   [amulet of nothing]

   rN+:       It protects you from negative energy.
   Will+++:   It greatly increases your willpower.
   Clar:      It protects you from confusion, rage, mesmerisation and fear.
Talismans
 F - a granite talisman
   (You took it off Roxanne on level 3 of the Elven Halls)
 U - a talisman of death (active)
   (You found it on level 7 of the Iron City of Dis)
 X - the dragon-blood talisman "Jufiyqit" {Dex+3}
   (You took it off Bai Suzhen on level 1 of the Depths)

   [dragon-blood talisman]

   Dex+3:     It affects your dexterity (+3).
Wands
 C - a wand of quicksilver (50)
   (You found it on level 3 of the Swamp)
 I - a wand of digging (26)
   (You found it on level 8 of the Dungeon)
Scrolls
 d - 6 scrolls of teleportation
 e - 4 scrolls of enchant armour
 g - 7 scrolls of noise
 i - 4 scrolls of fog
 j - 13 scrolls of amnesia
 l - 2 scrolls of summoning
 o - 2 scrolls of immolation
 u - 3 scrolls of silence
 w - 12 scrolls of vulnerability
 x - 7 scrolls of brand weapon
 y - 2 scrolls of revelation
 A - 13 scrolls of fear
 B - 4 scrolls of blinking
 D - a scroll of torment
 E - 8 scrolls of poison
 K - 2 scrolls of enchant weapon
Potions
 a - 12 potions of lignification
 b - 8 potions of magic
 c - 22 potions of curing
 h - 4 potions of invisibility
 k - a potion of cancellation
 n - 8 potions of might
 r - 16 potions of heal wounds
 s - 3 potions of brilliance
 v - 8 potions of mutation
 z - 7 potions of enlightenment
 N - 11 potions of ambrosia
 P - 6 potions of attraction
 Q - 4 potions of berserk rage
 V - 4 potions of resistance
Miscellaneous
 f - a lightning rod (4/4)
   (You found it on level 5 of the Lair of Beasts)
 t - a tin of tremorstones (2/2)
   (You found it on level 5 of the Lair of Beasts)
 M - a phial of floods
   (You found it in a Gauntlet)
 S - a figurine of a ziggurat
 W - a phantom mirror
   (You found it on level 1 of the Vaults)


   Skills:
 O Level 27 Fighting
 + Level 18.9 Dodging
 - Level 1.0 Stealth
 + Level 21.6 Shields
 O Level 27 Unarmed Combat
 + Level 16.6 Spellcasting
 - Level 0.6 Conjurations
 - Level 14.0 Translocations
 - Level 2.1 Alchemy
 - Level 14.0 Invocations
 O Level 27 Shapeshifting


You had 39 spell levels left.
You knew the following spells:

 Your Spells              Type           Power      Damage    Failure   Level
a - Sting                 Conj/Alch      100%       1d9       13%         1
b - Lesser Beckoning      Tloc           100%       N/A       1%          2
c - Manifold Assault      Tloc           83%        N/A       1%          4
d - Apportation           Tloc           100%       N/A       1%          1
e - Passage of Golubria   Tloc           83%        N/A       1%          4
f - Blink                 Tloc           100%       N/A       1%          2
g - Dispersal             Tloc           41%        N/A       11%         6

Your spell library contained the following spells:

 Spells                   Type           Power      Damage    Failure   Level
 Momentum Strike          Conj/Tloc      100%       3d10      1%          2
 Gell's Gravitas          Tloc           83%        N/A       1%          3
 Teleport Other           Tloc           83%        N/A       1%          3
 Iskenderun's Mystic Bla  Conj/Tloc      62%        2d13      11%         4
 Vhi's Electric Charge    Tloc/Air       100%       N/A       13%         4
 Magic Dart               Conj           100%       1d8       17%         1
 Kiss of Death            Conj/Necr      100%       2d13      21%         1
 Shock                    Conj/Air       100%       1d9       21%         1
 Freeze                   Ice            96%        1d10      22%         1
 Necrotise                Necr           96%        1d8       22%         1
 Summon Small Mammal      Summ           96%        N/A       22%         1
 Mercury Vapours          Alch/Air       62%        N/A       22%         2
 Cigotuvi's Dreadful Rot  Necr/Alch/Air  58%        N/A       26%         2
 Searing Ray              Conj           56%        2d6       26%         2
 Call Imp                 Summ           48%        N/A       34%         2
 Ensorcelled Hibernation  Hex/Ice        48%        N/A       34%         2
 Jinxbite                 Hex            48%        N/A       34%         2
 Scorch                   Fire           48%        2d7       34%         2
 Sublimation of Blood     Necr           24%        N/A       34%         2
 Summon Forest            Summ/Tloc      30%        N/A       34%         5
 Mephitic Cloud           Conj/Alch/Air  30%        N/A       43%         3
 Hailstorm                Conj/Ice       26%        3d7       52%         3
 Stone Arrow              Conj/Erth      52%        3d10      52%         3
 Confusing Touch          Hex            24%        N/A       56%         3
 Frozen Ramparts          Ice            48%        1d8       56%         3
 Fugue of the Fallen      Necr           24%        N/A       56%         3
 Inner Flame              Hex/Fire       24%        N/A       56%         3
 Ozocubu's Armour         Ice            24%        N/A       56%         3
 Passwall                 Erth           24%        N/A       56%         3
 Summon Ice Beast         Ice/Summ       24%        N/A       56%         3
 Swiftness                Air            24%        N/A       56%         3
 Tukima's Dance           Hex            24%        N/A       56%         3
 Vampiric Draining        Necr           24%        2d7       56%         3
 Olgreb's Toxic Radiance  Alch           38%        N/A       65%         4
 Fulminant Prism          Conj/Alch      16%        3d11      77%         4
 Ignite Poison            Fire/Alch      31%        N/A       82%         4
 Leda's Liquefaction      Alch/Erth      15%        N/A       82%         4
 Petrify                  Alch/Erth      31%        N/A       82%         4
 Sticky Flame             Fire/Alch      31%        2d7       82%         4
 Brom's Barrelling Bould  Conj/Erth      26%        2d5       89%         4
 Flame Wave               Conj/Fire      26%        2d8       89%         4
 Anguish                  Hex/Necr       12%        N/A       92%         4
 Animate Armour           Summ/Erth      48%        N/A       92%         4
 Cause Fear               Hex            12%        N/A       92%         4
 Dispel Undead            Necr           24%        3d12      92%         4
 Martyr's Knell           Necr/Summ      24%        N/A       92%         4
 Summon Blazeheart Golem  Fire/Summ      24%        N/A       92%         4
 Summon Lightning Spire   Summ/Air       24%        N/A       92%         4
 Alistair's Intoxication  Alch           25%        N/A       94%         5
 Irradiate                Conj/Alch      16%        3d17      98%         5
 Arcjolt                  Conj/Air       13%        1d23      99%         5
 Curse of Agony           Necr           24%        N/A       99%         5
 Fireball                 Conj/Fire      13%        3d7       99%         5
 Freezing Cloud           Conj/Ice/Air   13%        6-21      99%         5
 Iskenderun's Battlesphe  Conj           28%        2d8       99%         5
 Lee's Rapid Deconstruct  Erth           12%        3d8*      99%         5
 Metabolic Englaciation   Hex/Ice        12%        N/A       99%         5
 Silence                  Hex/Air        12%        N/A       99%         5
 Summon Mana Viper        Hex/Summ       24%        N/A       99%         5
 Yara's Violent Unravell  Hex/Alch       15%        3d8       99%         5
 Disjunction              Tloc           41%        N/A       99%         8
 Bombard                  Conj/Erth      13%        9d3       100%        6
 Conjure Ball Lightning   Conj/Air       13%        3x3d6     100%        6
 Death Channel            Necr           12%        N/A       100%        6
 Plasma Beam              Fire/Air       12%        2x1d23    100%        6
 Sculpt Simulacrum        Ice/Alch       15%        N/A       100%        6
 Starburst                Conj/Fire      13%        6d5       100%        6
 Summon Cactus Giant      Summ           12%        N/A       100%        6
 Enfeeble                 Hex            12%        N/A       100%        7
 Haunt                    Necr/Summ      12%        N/A       100%        7
 Monstrous Menagerie      Summ           12%        N/A       100%        7
 Orb of Destruction       Conj           14%        9d7       100%        7
 Ozocubu's Refrigeration  Ice            12%        4d10      100%        7
 Spellforged Servitor     Conj/Summ      13%        N/A       100%        7
 Summon Hydra             Summ           12%        N/A       100%        7
 Borgnjor's Revivificati  Necr           12%        N/A       100%        8
 Discord                  Hex            12%        N/A       100%        8
 Ignition                 Fire           12%        3d6       100%        8
 Infestation              Necr           12%        N/A       100%        8
 Lehudib's Crystal Spear  Conj/Erth      13%        10d4      100%        8
 Maxwell's Capacitive Co  Air            12%        ∞         100%        8
 Chain Lightning          Conj/Air       13%        3d17      100%        9
 Death's Door             Necr           12%        N/A       100%        9
 Fire Storm               Conj/Fire      13%        8d3       100%        9
 Shatter                  Erth           12%        3d13*     100%        9


Dungeon Overview and Level Annotations

Branches:
Dungeon (15/15)            Temple (1/1) D:6            Lair (5/5) D:9
  Swamp (4/4) Lair:3       Spider (4/4) Lair:3        Slime (5/5) Lair:4
    Orc (2/2) D:12            Elf (3/3) Orc:2        Vaults (5/5) D:14
  Crypt (3/3) Vaults:2       Tomb (3/3) Crypt:3      Depths (4/4) D:15
   Hell (visited)             Dis (7/7) Hell            Geh (7/7) Hell
    Coc (7/7) Hell            Tar (7/7) Hell            Zot (5/5) Depths:4
  Sewer (visited)         Gauntlet (visited)

Altars:
Ashenzari
Cheibriados
Dithmenos
Elyvilon
Fedhas
Gozag
Hepliaklqana
Kikubaaqudgha
Makhleb
Nemelex Xobeh
Okawaru
Qazlal
Ru
Sif Muna
Trog
Uskayaw
Vehumet
Wu Jian
Xom
Yredelemnul
Zin
The Shining One
Beogh
Lugonu

Shops:
D:7 :   D:9 ?   D:15 *   Orc:2 [=*([   Elf:2 ?:**   Elf:3 (:=:   Vaults:5 (!!?
Depths:1 [!?***   Depths:3 [   Depths:4 *

Portals:
Hell: Depths:1 Depths:2 Depths:3 Depths:4
Abyss: Lair:5 Vaults:4 Depths:2 Depths:3 Depths:4
Pandemonium: Depths:2
Ziggurat: Depths:3

Annotations:
Lair:3 exclusion: hydra
Swamp:1 3 runed translucent doors, knightboat's ghost, adept GnRe
Elf:2 2 transporters, 3 runed translucent doors, Quimia Kaeg's ghost, adept MiBe
Tar:4 24 runed translucent doors
Zot:3 3 runed translucent doors, exclusion: obsidian statue, Hoptod's ghost, master DsFi


Innate Abilities, Weirdness & Mutations

You are an undying horror.
Your melee and unarmed attacks drain, slow and weaken victims.
You are immune to unholy pain and torment.
You cannot drink.
You are immune to poison.
You are too large for most types of armour.
You have claws for hands.
Your natural rate of healing is unusually fast.
You are covered in fur. (AC +1)
You have tough skin. (AC +1)
You are somewhat resistant to further mutation.


Message History

You block the death scarab's attack. x2; You block the vampire's attack. x2
You scratch the emperor scorpion.
The emperor scorpion decays.
You drain the emperor scorpion.
The emperor scorpion is lightly wounded.
The death scarab waves its antennae.
You block the death scarab's attack.
You block the freezing wraith's attack. x2
You eviscerate the emperor scorpion!!!
The emperor scorpion decays.
The emperor scorpion is heavily wounded.
You block the death scarab's attack. The royal mummy casts a spell at you.
Something smites you! You block the vampire's attack. x2
The mummy hits you but does no damage.
The ushabti shakes and rattles deafeningly!
You eviscerate the emperor scorpion!!!
The emperor scorpion decays.
The emperor scorpion is almost dead.
You block the death scarab's attack.
You block the freezing wraith's attack. x2
You eviscerate the emperor scorpion!!!
You kill the emperor scorpion!
The emperor scorpion's corpse disappears in a puff of smoke!
You block the death scarab's attack. You block the vampire's attack.
The vampire completely misses you.
The ushabti shakes and rattles deafeningly!
You eviscerate the emperor scorpion!!!!
You kill the emperor scorpion!
The emperor scorpion's corpse disappears in a puff of smoke!
You block the death scarab's attack. You block the mummy's attack.
The freezing wraith completely misses you.
You block the freezing wraith's attack.
Casting: Lesser Beckoning (safe; 1% risk of failure)
Confirm with . or Enter, or press ? or * to list all spells.
Aiming: Lesser Beckoning (safe; 1% risk of failure)
Press: ? - help, Shift-Dir - straight line, f - death scarab
Aim: a death scarab (purple smoke, summoned, 100% to hit)
Okay, then.
You closely miss the death scarab.
The death scarab waves its antennae.
You block the death scarab's attack. You block the vampire's attack. x2
You eviscerate the death scarab!!!!
You destroy the death scarab!
The death scarab's corpse disappears in a puff of smoke!
You block the freezing wraith's attack. x2
The royal mummy casts a spell.
You scratch the emperor scorpion but do no damage.
The death scarab waves its antennae.
You block the vampire's attack. x2; You block the mummy's attack.
You barely miss the emperor scorpion.
You block the emperor scorpion's attack. x3
You block the freezing wraith's attack.
The freezing wraith hits you but does no damage.
The ushabti shakes and rattles deafeningly!
You eviscerate the emperor scorpion!!!!
The emperor scorpion decays.
The emperor scorpion is severely wounded.
You block the vampire's attack. x2
The ushabti shakes and rattles deafeningly!
You barely miss the emperor scorpion.
The emperor scorpion is severely wounded.
The freezing wraith hits you but does no damage.
You block the freezing wraith's attack.
The emperor scorpion completely misses you.
You block the emperor scorpion's attack. x2
You block the mummy's attack.
The vampire hits you but does no damage.
The vampire barely misses you.
You scratch the emperor scorpion but do no damage.
The emperor scorpion is severely wounded.
The emperor scorpion is no longer moving slowly.
The emperor scorpion is no longer weakened.
The mummy priest prays to its god.
You scratch the emperor scorpion.
The emperor scorpion decays.
The emperor scorpion is severely wounded.
You block the emperor scorpion's attack. x3
You block the freezing wraith's attack. The freezing wraith hits you.
The freezing wraith drains your vigour!
You feel yourself slow down.
The emperor scorpion stings you but does no damage.
The emperor scorpion barely misses you.
The emperor scorpion completely misses you.
The vampire hits you but does no damage.
The vampire bites you!
You barely miss the emperor scorpion.
The emperor scorpion is severely wounded.
The ushabti shakes and rattles deafeningly!
You block the mummy's attack.
The ushabti shakes and rattles deafeningly! x2
You block the emperor scorpion's attack.
The emperor scorpion claws you.
You block the emperor scorpion's attack.
You block the freezing wraith's attack. The freezing wraith misses you.
You eviscerate the emperor scorpion!!!!
You kill the emperor scorpion!
The emperor scorpion's corpse disappears in a puff of smoke!
You block the vampire's attack. The vampire misses you.
You block the emperor scorpion's attack.
The emperor scorpion closely misses you.
You block the emperor scorpion's attack.
Casting: Lesser Beckoning (safe; 1% risk of failure)
Confirm with . or Enter, or press ? or * to list all spells.
Aiming: Lesser Beckoning (safe; 1% risk of failure)
Press: ? - help, Shift-Dir - straight line, f - royal mummy
Aim: a royal mummy (100% to hit)
The royal mummy hurls suddenly forward!
You block the freezing wraith's attack. x2
You block the royal mummy's attack. You block the vampire's attack.
The vampire bites you but does no damage.
The emperor scorpion stings you but does no damage.
The emperor scorpion closely misses you.
The emperor scorpion barely misses you.
The mummy priest mumbles some strange prayers to its god.
The mummy misses you. The freezing wraith barely misses you.
The freezing wraith misses you. The royal mummy hits you.
The ushabti shakes and rattles deafeningly!
The vampire hits you but does no damage.
The vampire completely misses you.
You eviscerate the royal mummy!!!!
The royal mummy decays.
The royal mummy is heavily damaged.
You block the emperor scorpion's attack.
The emperor scorpion closely misses you. x2
The mummy priest mumbles some strange prayers to its god against you.
Something smites you! The freezing wraith closely misses you.
The freezing wraith completely misses you.
You block the mummy's attack.
You block the emperor scorpion's attack. x2
The emperor scorpion claws you but does no damage.
You eviscerate the royal mummy!!!
The royal mummy decays.
The royal mummy is severely damaged.
You block the vampire's attack. x2
The royal mummy gestures wildly while chanting.
You eviscerate the royal mummy!!!
The royal mummy decays.
The royal mummy is almost destroyed.
You block the emperor scorpion's attack. x3
You block the freezing wraith's attack. The freezing wraith misses you.
The mummy priest invokes the aid of its god against you.
Something smites you! The vampire barely misses you.
The vampire closely misses you. The royal mummy casts a spell at you.
Something smites you!
You mangle the royal mummy!!
The royal mummy decays.
The royal mummy is almost destroyed.
You block the emperor scorpion's attack.
The emperor scorpion completely misses you.
You block the emperor scorpion's attack.
The mummy priest invokes the aid of its god against you.
Something smites you!
You block the freezing wraith's attack. x2
The vampire hits you but does no damage.
The vampire bites you but does no damage.
The mummy priest utters an invocation to its god.
You eviscerate the royal mummy!!!!
You destroy the royal mummy!
Cheibriados appreciates the change of pace.
The emperor scorpion disappears in a puff of smoke!
The death scarab disappears in a puff of smoke! x2
You feel extremely nervous for a moment...
You feel weird for a moment.
You block the freezing wraith's attack. x2
You block the necrophage's attack.
The vampire mumbles some strange words.
The vampire flickers and vanishes for a moment.
You eviscerate the ushabti!!!!
You destroy the ushabti!
The freezing wraith hits you. The freezing wraith freezes you. You resist.
You block the freezing wraith's attack. The ushabti gestures stiffly at you.
You convulse!
Casting: Lesser Beckoning (safe; 1% risk of failure)
Confirm with . or Enter, or press ? or * to list all spells.
Aiming: Lesser Beckoning (safe; 1% risk of failure)
Press: ? - help, Shift-Dir - straight line, f - mummy
Aim: a mummy (black smoke, 100% to hit)
Okay, then.
You claw the mummy!
The mummy decays.
The mummy is severely damaged.
You block the vampire's attack. x2; You block the necrophage's attack.
The mummy priest prays to its god.
The freezing wraith completely misses you.
You block the freezing wraith's attack.
You eviscerate the ushabti!!!!
You destroy the ushabti!
You block the necrophage's attack. You block the vampire's attack. x2
The ushabti shakes and rattles deafeningly!
You block the mummy's attack. The freezing wraith closely misses you.
The freezing wraith hits you but does no damage.
You barely miss the mummy.
The mummy is severely damaged.
You block the vampire's attack. x2; You block the necrophage's attack.
Activating: Slouch (0% risk of failure)
Press: ? - help, Dir - look around, f - activate You can feel time thicken for a moment.
You destroy the necrophage!
The necrophage's corpse disappears in a puff of smoke!
You destroy the harpy zombie!
The harpy zombie disappears in a puff of smoke!
You destroy the freezing wraith!
The freezing wraith disappears in a puff of smoke!
You destroy the mummy!
You destroy the laughing skull!
The laughing skull disappears in a puff of smoke!
You destroy the necrophage!
The necrophage's corpse disappears in a puff of smoke!
The caustic shrike simulacrum vaporises!
You destroy the wight!
The wight disappears in a puff of smoke!
Cheibriados lowers the support of your attributes as your movement quickens.
You block the neqoxec's attack. You block the vampire's attack. x2
The ushabti gestures stiffly at you.
You convulse!
The mummy priest mumbles some strange prayers to its god.
The neqoxec gestures at you.
Strange energies course through your body.
You feel odd for a moment.
You mangle the mummy priest!!
The mummy priest decays.
The mummy priest is severely damaged.
The shadow wraith disappears in a puff of smoke!
The vampire disappears in a puff of smoke!
The vampire misses you. You block the vampire's attack.
You block the flayed ghost's attack. You block the mummy priest's attack.
You mangle the mummy priest!!
You destroy the mummy priest!
The neqoxec disappears in a puff of smoke!
The vampire disappears in a puff of smoke!
You feel extremely nervous for a moment...
You feel horribly lethargic.
You feel as though you will be slow longer.
The ushabti shakes and rattles deafeningly!
The flayed ghost misses you.
The ushabti shakes and rattles deafeningly!
You feel your dexterity returning.
You eviscerate the flayed ghost!!!
You destroy the flayed ghost!
The flayed ghost disappears in a puff of smoke!
The mummy closely misses you. You block the shadow wraith's attack.
The mummy priest mumbles some strange prayers to its god.
You claw the mummy!
You destroy the mummy!
The spectral spriggan defender disappears in a puff of smoke!
You block the rust devil's attack.
You mangle the ushabti!!
You destroy the ushabti!
The freezing wraith disappears in a puff of smoke! x2
You block the shadow wraith's attack.
The ushabti shakes and rattles deafeningly!
You block the rust devil's attack.
You closely miss the flayed ghost. You block the flayed ghost's attack.
You block the shadow wraith's attack.
You barely miss the flayed ghost.
The ushabti shakes and rattles deafeningly!
You block the rust devil's attack. You block the flayed ghost's attack.
You block the shadow wraith's attack.
You eviscerate the flayed ghost!!!!
You destroy the flayed ghost!
The flayed ghost disappears in a puff of smoke!
The rust devil closely misses you. The ushabti gestures stiffly at you.
You convulse!
You barely miss the mummy.
The mummy is heavily damaged.
You block the shadow wraith's attack. You block the rust devil's attack.
You eviscerate the mummy!!!
You destroy the mummy!
You block the shadow wraith's attack. You block the mummy's attack.
You eviscerate the ushabti!!!!
You destroy the ushabti!
You block the rust devil's attack. You block the shadow wraith's attack.
You mangle the wraith!!
You destroy the wraith!
The wraith disappears in a puff of smoke!
You block the rust devil's attack. You block the mummy's attack.
You block the shadow wraith's attack.
You scratch the mummy priest but do no damage.
The mummy priest is moderately damaged.
You block the rust devil's attack.
The mummy priest mumbles some strange prayers to its god.
You eviscerate the mummy priest!!!
You destroy the mummy priest!
The necrophage disappears in a puff of smoke!
The wraith disappears in a puff of smoke!
The wight disappears in a puff of smoke!
The red devil disappears in a puff of smoke!
The hellwing disappears in a puff of smoke!
The shadow wraith disappears in a puff of smoke!
The rust devil disappears in a puff of smoke!
The centaur warrior zombie disappears in a puff of smoke!
The shadow wraith disappears in a puff of smoke!
You feel extremely nervous for a moment...
Strange energies run through your body. The mummy misses you.
You eviscerate the mummy!!!!
You destroy the mummy!
You eviscerate the mummy!!!!
You destroy the mummy!
You mangle the naga warrior zombie!!
The naga warrior zombie decays.
The naga warrior zombie is moderately damaged.
You eviscerate the naga warrior zombie!!!
You destroy the naga warrior zombie!
You now have 5869 gold pieces (gained 32).
Things that are here:
a +1 great sword of pain; a +0 chain mail; a death scarab corpse You feel yourself speed up.
You now have 5893 gold pieces (gained 24).
Things that are here:
a death scarab corpse; a death scarab corpse; a death scarab corpse
There is a broken door here.
Found 10 gold pieces.
Found 109 gold pieces.
You now have 5921 gold pieces (gained 28).
B - 4 scrolls of blinking (gained 1)
d - 7 scrolls of teleportation (gained 1)
There is a broken door here.
HP restored.
There is an open door, spattered with blood here.
Found four items.
Found a clouded glass ring, a blade talisman and a pair of embroidered gloves.
Found a wand of flame (8) and a wand of paralysis (7).
Found four items.
Found four items.
Found four items.
You now have 5946 gold pieces (gained 25).
Found four items.
You now have 5955 gold pieces (gained 9).
You see here a staff of fire.
R - the ring "Icsa Duq" {Ice Int+3 Dex+2}
Found 23 gold pieces.
You pick up the Secrets of Fog and Impulse and begin reading...
It was the Secrets of Fog and Impulse.
You add the spells Starburst and Plasma Beam to your library.
You now have 5963 gold pieces (gained 8).
You now have 5985 gold pieces (gained 22).
S - a figurine of a ziggurat You now have 6008 gold pieces (gained 23).
You see here a book of Necromancy.
K - 2 scrolls of enchant weapon (gained 1)
You open the door.
There is an open door here.
Found a robe.
As you read the scroll of revelation, it crumbles to dust.
You feel aware of your surroundings.
Found an arbalest.
Found a golden rune of Zot.
You pick up the golden rune and feel its power.
You have collected all the runes!
Now go and win!
Press } to see all the runes you have collected.
You see here a +0 arbalest.
Found a potion of curing.
Found a wand of flame (9).
c - 22 potions of curing (gained 1)
Found 38 gold pieces.
You now have 6046 gold pieces (gained 38).
You open the door.
There is an open door here.
There is a one-way staircase leading up here.
A mysterious force pulls you upwards. The hatch slams shut behind you.
There is an open door, spattered with blood here.
You see here a +0 war axe.
There is an open door here.
There is a one-way staircase leading up here.
A mysterious force pulls you upwards. The hatch slams shut behind you.
There is a one-way staircase leading down here.
There is an open door here.
You see here a +0 ring mail.
There is a huge open gate here.
A death scarab comes into view.
The death scarab's many legs skitter faintly.
You hear a faint skittering sound. x2
A death scarab comes into view. x2
You can't go up here!
Space momentarily warps into an impossible shape!
The death scarab's many legs skitter faintly. x3
You eviscerate the death scarab!!!!
You destroy the death scarab!
Cheibriados thoroughly appreciates the change of pace.
You block the death scarab's attack.
Space momentarily warps into an impossible shape!
You scratch the death scarab but do no damage.
You eviscerate the death scarab!!!
You destroy the death scarab!
Cheibriados thoroughly appreciates the change of pace.
You block the death scarab's attack.
Space momentarily warps into an impossible shape!
You eviscerate the death scarab!!!
You destroy the death scarab!
Cheibriados thoroughly appreciates the change of pace.
You block the death scarab's attack.
Space momentarily warps into an impossible shape!
You barely miss the death scarab. You closely miss the death scarab.
Space momentarily warps into an impossible shape!
You scratch the death scarab.
The death scarab decays.
You claw the death scarab!
The death scarab decays.
You block the death scarab's attack. x3
Space momentarily warps into an impossible shape!
You eviscerate the death scarab!!!
You destroy the death scarab!
Cheibriados thoroughly appreciates the change of pace.
You eviscerate the death scarab!!!!
You destroy the death scarab!
Cheibriados thoroughly appreciates the change of pace.
You block the death scarab's attack.
Space momentarily warps into an impossible shape!
You miss the death scarab. You block the death scarab's attack.
Space momentarily warps into an impossible shape!
You eviscerate the death scarab!!!
You destroy the death scarab!
Cheibriados thoroughly appreciates the change of pace.
Magic restored.
There is a staircase back to the Crypt here.
You climb upwards.
Welcome back to the Crypt!
There is a staircase to the Tomb here.
Okay, then.
What level of the Realm of Zot? (default 1, ? - help)
There is a huge open gate here.
There is an open door here.
There is a stone staircase leading up here.
You climb upwards.
There is a stone staircase leading down here.
Things that are here:
a +0 plate armour; a +3 great sword
Things that are here:
a +0 plate armour; a +0 great sword You see here a +0 robe.
Items here: )) [[.
There is a stone staircase leading up here.
You climb upwards.
There is a stone staircase leading down, spattered with blood here.
You see here the +0 tower shield of Dogmatism {*Corrode rN++ Str+4}.
You see here a +0 dire flail.
There is an open gate here.
There is a staircase back to the Vaults, spattered with blood here.
You climb upwards.
Welcome back to the Vaults!
There is a staircase to the Crypt, spattered with blood here.
There is an open door here.
Things that are here:
a +0 troll leather armour; a deep troll skeleton
Things that are here:
a +0 leather armour; a +0 great mace
There is an open door, spattered with blood here.
You see here a +3 battleaxe of draining.
There is a broken door here.
There is a stone staircase leading up here.
You climb upwards.
There is a stone staircase leading down here.
Things that are here:
a +0 robe; a +0 dagger; a human skeleton
There is a gate leading back out of this place here.
You go up through the gate.
Welcome back to the Dungeon!
There is a gate to the Vaults here.
There is an open door, spattered with blood here.
Things that are here:
a +0 dire flail; a +0 giant club
Items here: )) [[[ ÷.
Items here: )) [[ ÷÷.
There is a stone staircase leading down here.
You climb downwards.
There is a stone staircase leading up here.
Things that are here:
4 large rocks; a cyclops skeleton You see here a +0 shortbow.
There is an open door, spattered with blood here.
Things that are here:
a +0 robe; a +0 trident; an ugly thing skeleton You see here an ugly thing skeleton.
You see here a +1 spectral quarterstaff.
There is a staircase to the Depths here.
You climb downwards.
Welcome back to the Depths!
There is a staircase back to the Dungeon here.
There is a stone staircase leading down here.
You climb downwards.
There is a stone staircase leading up here.
Things that are here:
a +0 robe; a +0 dagger
There is an open door here.
There is a stone staircase leading down here.
You climb downwards.
There is a stone staircase leading up here.
There is an open door here.
There is an open door here.
There is an open door here.
There is a stone staircase leading down here.
You climb downwards.
There is a stone staircase leading up here.
Things that are here:
4 large rocks; a stone giant skeleton You see here the +1 scale mail "Tien" {rF+++ rCorr Slay-5}.
There is an open door here.
There is an open door here.
You see here a fire dragon skeleton.
There is a gate to the Realm of Zot here.
You go down through the gate.
Welcome back to the Realm of Zot!
There is a gate leading back out of this place, spattered with blood here.
You see here a +0 dagger.
There is a stone staircase leading down here.
You climb downwards.
There is a stone staircase leading up here.
There is an open door here.
There is an open door here.
There is a stone staircase leading down here.
You climb downwards.
Level annotation: 3 runed translucent doors, exclusion: obsidian statue, Hoptod's ghost, master DsFi
There is a stone staircase leading up here.
There is an open door here.
There is an open door here.
There is an open door here.
There is a stone staircase leading down here.
You climb downwards.
There is a stone staircase leading up here.
There is an open door here.
There is an open door here.
There is an open door here.
There is an open door here.
There is a stone staircase leading down here.
You climb downwards.
There is a stone staircase leading up here.
You see here a +0 heavy mace.
Things that are here:
a +0 hand axe; a purple draconian skeleton
Things that are here:
a ring of magical power; a +0 long sword You see here a potion of degeneration.
Things that are here:
+0 storm dragon scales; a storm dragon skeleton You see here the Orb of Zot.
You pick up the Orb of Zot!
The Orb lets out an ear-shattering shriek!
The lords of Pandemonium are not amused.
Beware!
Cheibriados tells them not to hurry.
Now all you have to do is get back out of the dungeon!
As you read the scroll of teleportation, it crumbles to dust.
You feel strangely unstable.
You feel the Orb delaying your translocation!
Your surroundings suddenly seem different.
There is a stone staircase leading up here.
You climb upwards.
There is a stone staircase leading down, spattered with blood here.
There is an open door here.
An angel comes into view. It is wielding a +1 whip of holy wrath.
There is an open door here.
You can't go up here!
Space momentarily warps into an impossible shape!
You miss the angel.
Space momentarily warps into an impossible shape!
You completely miss the angel.
Space momentarily warps into an impossible shape!
You closely miss the angel. You block the angel's attack.
The angel completely misses you.
You mangle the angel!!
The angel decays.
The angel is moderately wounded.
You claw the angel!
The angel decays.
The angel is moderately wounded.
You block the angel's attack. The angel completely misses you.
You eviscerate the angel!!!
The angel decays.
The angel is severely wounded.
You miss the angel.
The angel is severely wounded.
You block the angel's attack. x2
You eviscerate the angel!!!!
You kill the angel!
Cheibriados thoroughly appreciates the change of pace.
You feel your dexterity returning.
There is an open door here.
There is an open door here.
There is an open door here.
There is an open door here.
Magic restored.
There is a stone staircase leading up here.
You climb upwards.
Level annotation: 3 runed translucent doors, exclusion: obsidian statue, Hoptod's ghost, master DsFi
There is a stone staircase leading down here.
A cacodemon, a sixfirhy and an orange demon come into view.
You can't go up here!
You closely miss the cacodemon.
The orange demon screeches!
You eviscerate the cacodemon!!!!
You kill the cacodemon!
Cheibriados appreciates the change of pace.
You eviscerate the sixfirhy!!!!
You kill the sixfirhy!
Cheibriados thoroughly appreciates the change of pace.
You block the orange demon's attack.
The orange demon stings you but does no damage.
You block the orange demon's attack. x3
You mangle the orange demon!!
The orange demon decays.
The orange demon is heavily wounded.
You eviscerate the orange demon!!!
You kill the orange demon!
Cheibriados appreciates the change of pace.
Cheibriados raises the support of your attributes as your movement slows.
No target in view!
There is an open door here.
There is an open door here.
A glowing orange brain comes into view.
The glowing orange brain turns its attention towards you.
The glowing orange brain pulsates.
You resist with almost no effort.
Space momentarily warps into an impossible shape!
You eviscerate the glowing orange brain!!!!
You kill the glowing orange brain!
Cheibriados appreciates the change of pace.
Magic restored.
There is a stone staircase leading up here.
You climb upwards.
There is a stone staircase leading down here.
You see here a maw talisman.
There is an open door here.
A Brimstone Fiend comes into view.
You can't go up here!
Space momentarily warps into an impossible shape!
You barely miss the Brimstone Fiend.
Space momentarily warps into an impossible shape!
You eviscerate the Brimstone Fiend!!!
The Brimstone Fiend decays.
Space momentarily warps into an impossible shape!
You scratch the Brimstone Fiend but do no damage.
Space momentarily warps into an impossible shape!
You eviscerate the Brimstone Fiend!!!
The Brimstone Fiend decays.
Space momentarily warps into an impossible shape!
You mangle the Brimstone Fiend!!
You kill the Brimstone Fiend!
Cheibriados appreciates the change of pace.
Your lightning rod (3/4) has regained one charge.
There is an open door here.
There is a stone staircase leading up here.
You climb upwards.
There is a stone staircase leading down here.
There is an open door here.
A neqoxec comes into view.
Space momentarily warps into an impossible shape!
You eviscerate the neqoxec!!!
You kill the neqoxec!
Cheibriados appreciates the change of pace.
A ynoxinul comes into view.
The ynoxinul bellows!
Space momentarily warps into an impossible shape!
You eviscerate the ynoxinul!!!!
You kill the ynoxinul!
Cheibriados appreciates the change of pace.
There is an open door here.
A tormentor comes into view.
Space momentarily warps into an impossible shape!
You eviscerate the tormentor!!!
You kill the tormentor!
Cheibriados appreciates the change of pace.
There is an open door here.
There is an open door here.
An orange demon comes into view.
Space momentarily warps into an impossible shape!
You eviscerate the orange demon!!!
The orange demon decays.
Space momentarily warps into an impossible shape!
You scratch the orange demon but do no damage.
Space momentarily warps into an impossible shape!
You eviscerate the orange demon!!!
You kill the orange demon!
Cheibriados appreciates the change of pace.
There is an open door here.
There is an open door here.
Magic restored.
There is a gate leading back out of this place, spattered with blood here.
You go up through the gate.
Welcome back to the Depths!
There is a gate to the Realm of Zot here.
You see here a fire dragon skeleton.
There is an open door here.
There is an open door here.
You see here the +1 scale mail "Tien" {rF+++ rCorr Slay-5}.
There is a stone staircase leading up here.
You climb upwards.
There is a stone staircase leading down here.
There is an open door here.
There is an open door here.
There is an open door here.
There is a stone staircase leading up here.
You climb upwards.
There is a stone staircase leading down here.
There is an open door here.
A rust devil comes into view.
A rust devil is nearby!
Space momentarily warps into an impossible shape!
You mangle the rust devil!!
The rust devil decays.
Space momentarily warps into an impossible shape!
You eviscerate the rust devil!!!!
You kill the rust devil!
Cheibriados appreciates the change of pace.
Things that are here:
a +0 troll leather armour; a deep troll skeleton
There is a stone staircase leading up here.
You climb upwards.
There is a stone staircase leading down here.
Items here: ) [[ ÷.
An Orb Guardian comes into view.
An Orb Guardian is nearby!
Space momentarily warps into an impossible shape!
You scratch the Orb Guardian but do no damage.
Space momentarily warps into an impossible shape!
You eviscerate the Orb Guardian!!!!
You kill the Orb Guardian!
Cheibriados appreciates the change of pace.
You feel your dexterity returning.
Magic restored.
A cherub comes into view.
It is wielding a +4 long sword of flaming.
Space momentarily warps into an impossible shape!
You scratch the cherub but do no damage.
Space momentarily warps into an impossible shape!
You eviscerate the cherub!!!
The cherub decays.
Space momentarily warps into an impossible shape!
You completely miss the cherub.
Space momentarily warps into an impossible shape!
You eviscerate the cherub!!!
You kill the cherub!
Cheibriados appreciates the change of pace.
There is a staircase back to the Dungeon here.
You climb upwards.
Welcome back to the Dungeon!
There is a staircase to the Depths here.
Magic restored.
You see here a +1 spectral quarterstaff.
You see here an ugly thing skeleton.
There is an open door, spattered with blood here.
Things that are here:
a +0 robe; a +0 trident; an ugly thing skeleton You see here a +0 shortbow.
There is a stone staircase leading up here.
You climb upwards.
There is a stone staircase leading down here.
There is a stone staircase leading up here.
You climb upwards.
There is a stone staircase leading down here.
There is a stone staircase leading up, spattered with blood here.
You climb upwards.
There is a stone staircase leading down, spattered with blood here.
You see here a +0 hand axe.
An Ice Fiend comes into view.
An Ice Fiend is nearby!
You scratch the Ice Fiend but do no damage.
You scratch the Ice Fiend.
The Ice Fiend decays.
The Ice Fiend is lightly wounded.
You claw the Ice Fiend!
The Ice Fiend decays.
The Ice Fiend is lightly wounded.
You eviscerate the Ice Fiend!!!!
You kill the Ice Fiend!
Cheibriados appreciates the change of pace.
No target in view!
Things that are here:
a +0 whip; a +1 great sword of flaming; a yak skeleton
Items here: )) ÷÷÷.
Items here: ))) [[.
You see here a +0 scale mail of willpower.
You see here a +0 hand axe.
There is a stone staircase leading up here.
You climb upwards.
There is a stone staircase leading down here.
A neqoxec comes into view.
The neqoxec shouts!
A neqoxec is nearby!
Space momentarily warps into an impossible shape!
You claw the neqoxec!
The neqoxec decays.
Space momentarily warps into an impossible shape!
You eviscerate the neqoxec!!!
You kill the neqoxec!
Cheibriados appreciates the change of pace.
Ysyerol comes into view.
A lich comes into view.
There are monsters nearby!
Space momentarily warps into an impossible shape!
You eviscerate Ysyerol!!!!
Ysyerol decays.
You eviscerate the lich!!!!
You destroy the lich!
Cheibriados appreciates the change of pace.
Space momentarily warps into an impossible shape!
You eviscerate Ysyerol!!!
Ysyerol decays.
You can't see any susceptible monsters within range! (Use Z to cast anyway.)
You completely miss Ysyerol.
Ysyerol is severely wounded.
You block Ysyerol's attack.
You completely miss Ysyerol.
Ysyerol is severely wounded.
You barely miss Ysyerol.
Ysyerol is severely wounded.
You block Ysyerol's attack.
You eviscerate Ysyerol!!!!
You kill Ysyerol!
Cheibriados appreciates the change of pace.
You feel your dexterity returning.
Your lightning rod (4/4) has regained one charge.
No target in view!
There is an open door here.
There is a stone staircase leading up here.
You climb upwards.
There is a stone staircase leading down here.
There is an open door here. 5 golden eyes come into view.
There are monsters nearby!
Space momentarily warps into an impossible shape!
You mangle the golden eye!!
You kill the golden eye!
Cheibriados appreciates the change of pace.
You closely miss the golden eye.
Space momentarily warps into an impossible shape!
You scratch the golden eye.
The golden eye decays.
You eviscerate the golden eye!!!
You kill the golden eye!
Cheibriados thoroughly appreciates the change of pace.
Space momentarily warps into an impossible shape!
You closely miss the golden eye. x2
The golden eye blinks at you. You resist with almost no effort.
The golden eye blinks at you. You resist with almost no effort.
The golden eye blinks at you. You resist with almost no effort.
Space momentarily warps into an impossible shape!
You eviscerate the golden eye!!!
You kill the golden eye!
Cheibriados appreciates the change of pace.
You closely miss the golden eye. The golden eye blinks at you.
You resist with almost no effort.
Space momentarily warps into an impossible shape!
You miss the golden eye. You mangle the golden eye!!
You kill the golden eye!
Cheibriados thoroughly appreciates the change of pace.
Space momentarily warps into an impossible shape!
You claw the golden eye!
The golden eye decays.
You drain the golden eye.
You kill the golden eye!
Cheibriados appreciates the change of pace.
A rust devil comes into view.
Space momentarily warps into an impossible shape!
You mangle the rust devil!!
The rust devil decays.
Space momentarily warps into an impossible shape!
You eviscerate the rust devil!!!!
You kill the rust devil!
Cheibriados appreciates the change of pace.
You enter the shallow water.
A Nusutiol and a sun demon come into view.
Press: ? - help, v - describe, . - travel The floor.
Unknown command.
Casting: Manifold Assault (mildly dangerous; 1% risk of failure)
Confirm with . or Enter, or press ? or * to list all spells.
Aiming: Lesser Beckoning (safe; 1% risk of failure)
Press: ? - help, Shift-Dir - straight line, f - Nusutiol
Aim: Nusutiol (100% to hit)
Nusutiol hurls suddenly forward!
Unknown command.
You mangle Nusutiol!!
Nusutiol decays.
Nusutiol is lightly wounded.
You eviscerate Nusutiol!!!!
Nusutiol decays.
Nusutiol is heavily wounded.
You scratch Nusutiol but do no damage.
Nusutiol is heavily wounded.
You block Nusutiol's attack.
You scratch Nusutiol but do no damage.
Nusutiol is heavily wounded.
You eviscerate Nusutiol!!!!
Nusutiol decays.
Nusutiol is almost dead.
Nusutiol gestures at you. The iron shot hits you!!
Nusutiol is knocked back by the blast.
You block Nusutiol's attack.
You claw Nusutiol!
You kill Nusutiol!
Cheibriados thoroughly appreciates the change of pace.
You block the sun demon's attack.
You eviscerate the sun demon!!!
You kill the sun demon!
Cheibriados thoroughly appreciates the change of pace.
No target in view!
HP restored.
Things that are here:
a +0 chain mail; a +0 mace; an orc skeleton
Items here: )) [[.
A Japiale and a sun demon come into view.
The sun demon shouts!
Space momentarily warps into an impossible shape!
You eviscerate the sun demon!!!!
You kill the sun demon!
Cheibriados appreciates the change of pace.
You eviscerate Japiale!!!!
Japiale decays.
Japiale conjures a glowing orb.
An orb of destruction and a demonic crawler come into view.
Space momentarily warps into an impossible shape!
You eviscerate Japiale!!!
You kill Japiale!
Cheibriados appreciates the change of pace.
You eviscerate the demonic crawler!!!!
You kill the demonic crawler!
Cheibriados appreciates the change of pace.
You block the orb of destruction.
The orb of destruction dissipates.
There is a stone staircase leading up here.
You climb upwards.
There is a stone staircase leading down here.
A ynoxinul comes into view.
You can't go up here!
Space momentarily warps into an impossible shape!
You eviscerate the ynoxinul!!!
You kill the ynoxinul!
Cheibriados appreciates the change of pace.
There is a stone staircase leading up here.
You climb upwards.
There is a stone staircase leading down here.
There is a stone staircase leading up here.
You climb upwards.
There is a stone staircase leading down here.
An Orb Guardian comes into view.
There is a stone staircase leading up here.
An Orb Guardian is nearby!
Space momentarily warps into an impossible shape!
You eviscerate the Orb Guardian!!!!
You kill the Orb Guardian!
Cheibriados appreciates the change of pace.
You climb upwards.
There is a stone staircase leading down here.
Magic restored.
There is a stone staircase leading up here.
You climb upwards.
There is a stone staircase leading down here.
An Orb Guardian comes into view.
An Orb Guardian is nearby!
Space momentarily warps into an impossible shape!
You eviscerate the Orb Guardian!!!
The Orb Guardian decays.
You drain the Orb Guardian!
You kill the Orb Guardian!
Cheibriados appreciates the change of pace.
Magic restored.
There is a stone staircase leading up here.
You climb upwards.
There is a stone staircase leading down here.
There is a stone staircase leading up here.
You climb upwards.
There is a stone staircase leading down here.
You can't go up here!
Okay, then.
There is an open door here. 2 hell hounds come into view.
There are monsters nearby!
Space momentarily warps into an impossible shape!
You eviscerate the hell hound!!!!
You kill the hell hound!
Cheibriados thoroughly appreciates the change of pace.
You closely miss the hell hound.
Space momentarily warps into an impossible shape!
You scratch the hell hound but do no damage.
A hell hound is nearby!
An Orb Guardian and 2 hell hounds come into view.
The hell hound barks! x2
A hell hound comes into view.
The hell hound breathes flames at you. The blast of flame misses you.
You block the hell hound's attack.
You closely miss the hell hound. You block the hell hound's attack. x2
You eviscerate the hell hound!!!
You kill the hell hound!
Cheibriados appreciates the change of pace.
You claw the hell hound!
The hell hound decays.
The hell hound is moderately wounded.
You block the hell hound's attack. x2
You mangle the hell hound!!
You kill the hell hound!
Cheibriados thoroughly appreciates the change of pace.
You block the hell hound's attack.
You eviscerate the Orb Guardian!!!!
The Orb Guardian decays.
The Orb Guardian is almost dead.
You block the hell hound's attack.
You claw the Orb Guardian!
You kill the Orb Guardian!
Cheibriados thoroughly appreciates the change of pace.
You eviscerate the hell hound!!!!!
You kill the hell hound!
Cheibriados appreciates the change of pace.
You block the hell hound's attack.
You eviscerate the hell hound!!!!
You kill the hell hound!
Cheibriados appreciates the change of pace.
No target in view!
No target in view!
You see here the felid skeleton of Natasha.
Magic restored.
A sun demon comes into view.
The sun demon shouts!
The sun demon moves out of view.
There is a large open door here.
You block the sun demon's attack.
There is a large open door here.
You completely miss the sun demon. You eviscerate the sun demon!!!!
You kill the sun demon!
Cheibriados appreciates the change of pace.
No target in view!
No target in view!
An Orb Guardian comes into view.
There is a stone staircase leading up here.
An Orb Guardian is nearby!
Space momentarily warps into an impossible shape!
You eviscerate the Orb Guardian!!!!
You kill the Orb Guardian!
Cheibriados thoroughly appreciates the change of pace.
You climb upwards.
There is a stone staircase leading down here.
Magic restored.
There is a stone staircase leading up here.
You climb upwards.
There is a stone staircase leading down here.
You can't go up here!
Okay, then.
You see here a +0 club.
A dart slug comes into view.
The dart slug launches a dart at you. You block the slug dart.
Space momentarily warps into an impossible shape!
You mangle the dart slug!!
You kill the dart slug!
What level of the Dungeon? (default 1, ? - help)
Okay, then.
Magic restored.
There is an open door here.
There is a staircase leading out of the dungeon here.
You have escaped!

.##.##.+#≈≈≈##...................
.##.##.#.....#......##.#####.####
.##.##.≈)....≈......##.# #.####
###.##.≈..⌠..≈......##.# #.....
....##.#.....#......##.#########.
#########≈≈≈###≈≈≈####.........##
#......#.....#.#.#####..~≈≈
#...)..≈..⌠..≈.#.####..~≈.~
#......≈..z..≈.#.....~~≈≈~~
###......#.....#....###.~≈~~≈
#........##≈≈≈#'..#.# #.~.≈~#
#...######..........# #.~≈~~.
#...#### ####.####.## #~~~~~.
###....# #.# #.# ##~~~~≈. ####.#
#.# #.# #.~..~~. #.# #.# #.#
#.~~≈~~. #.# #.# #.# #..~~~~.


There were no monsters in sight!

Vanquished Creatures
  Cerebov (Pan)
  Antaeus (Coc:7)
  Asmodeus (Geh:7)
  the Royal Jelly (Slime:5)
  Ereshkigal (Tar:7)
  Ignacio (Pan)
  Gloorx Vloq (Pan)
  Lom Lobon (Pan)
  Mnoleg (Pan)
  the Serpent of Hell (Coc:7)
  Dispater (Dis:7)
  6 ancient liches
  8 dread liches
  5 orbs of fire
  14 pandemonium lords
  Mennas (Depths:3)
  13 shard shrikes
  17 royal mummies
  Bai Suzhen (Depths:1)
  Parghit (Depths:3)
  Vv (Depths:4)
  4 Killer Klowns
  Geryon (Hell)
  24 caustic shrikes
  The ghost of Lightli the Tortoise, a veteran CoCK of Zin (Vaults:4)
  Saint Roka (Elf:3)
  2 curse toes
  17 golden dragons
  Nikola (Swamp:1)
  21 profane servitors
  15 bone dragons
  6 doom hounds
  19 Brimstone Fiends
  4 electric golems
  Arachne (Spider:2)
  19 Tzitzimimeh
  22 hellephants
  11 iron giants
  Jorgrun (Spider:3)
  20 tentacled monstrosities
  28 Orb Guardians
  19 tainted leviathans
  15 titans
  A walking crystal tome (Depths:3)
  A spectral shard shrike (Tar:2)
  19 Hell Sentinels
  A walking earthen tome (Depths:3)
  Rupert (Lair:4)
  31 Ice Fiends
  11 liches
  2 deep elf master archers (Elf:3)
  2 deep elf blademasters (Elf:3)
  26 searing wretches
  16 acid blobs
  7 quicksilver dragons
  17 sphinxes
  15 death cobs
  2 eldritch tentacles
  Frances (Elf:1)
  38 ancient champions
  17 Executioners (Pan)
  A kraken (Abyss:3)
  Gastronok (D:12)
  14 tentacled starspawn
  Agnes (D:15)
  Kirke (Lair:5)
  Donald (Elf:3)
  8 tengu reavers
  Aizul (Swamp:3)
  9 shadow dragons
  5 revenants
  2 fenstrider witches
  14 storm dragons
  A thorn hunter (Swamp:4)
  2 nagarajas (Depths:2)
  Roxanne (Elf:3)
  13 demonspawn warmongers (Pan)
  A daeva (Pan)
  17 azure jellies
  5 draconian knights
  14 narguns
  25 fire giants
  11 protean progenitors
  40 balrugs
  4 draconian monks
  13 rockslimes
  16 frost giants
  10 quicksilver elementals
  3 deep elf sorcerers
  An emperor scorpion (Spider:4)
  A caustic shrike zombie (Tomb:1)
  3 draconian shifters (Zot:3)
  6 iron dragons
  5 curse skulls
  2 spectral caustic shrikes
  2 angels
  18 vault wardens
  11 shard shrike simulacra
  Louise (Swamp:3)
  3 draconian scorchers
  41 cacodemons
  6 deep elf elementalists
  2 broodmothers (Spider:4)
  2 draconian stormcallers
  8 ghost moths
  25 ironbound preservers
  13 ghouls
  34 reapers
  3 orc warlords
  7 demonspawn blood saints (Pan)
  4 draconian annihilators
  5 formless jellyfish
  10 ironbound thunderhulks
  A juggernaut skeleton (Pan)
  16 stone giants
  2 caustic shrike skeletons (Pan)
  13 vampire knights
  8 green draconians
  11 demonspawn corrupters (Pan)
  4 eleionomae
  24 elemental wellsprings
  13 very ugly things
  4 demonspawn black suns (Pan)
  14 quicksilver oozes
  13 deep elf death magi
  7 deep elf demonologists
  9 black draconians
  A spectral titan (Tar:2)
  A minotaur (Gauntlet)
  17 putrid mouths
  10 bunyips
  21 dire elephants
  10 red draconians
  8 purple draconians
  27 war gargoyles
  10 deep elf annihilators
  21 lorocyprocas (Pan)
  4 yellow draconians
  7 white draconians
  12 bennus
  4 eidola
  9 spark wasps
  22 wendigos
  12 green deaths
  14 ettins
  17 jiangshi
  23 iron golems
  A crystal guardian (Vaults:4)
  19 blizzard demons
  2 shambling mangroves
  An entropy weaver (shapeshifter) (D:14)
  21 mummy priests
  11 fire dragons
  A spriggan zombie (Crypt:3)
  3 entropy weavers
  17 yaktaur captains
  6 deep elf high priests
  2 salamander tyrants
  13 great orbs of eyes
  6 rakshasas
  Erolcha (D:9)
  7 hell beasts
  4 catoblepae
  A sphinx zombie (Vaults:4)
  2 quicksilver dragon skeletons (Crypt:3)
  4 ghost crabs
  21 hydras
  2 peacekeepers (Vaults:4)
  6 juggernaut simulacra
  5 ironbound frosthearts
  14 boulder beetles
  15 alligators
  2 spriggan air magi
  15 centaur warriors
  The ghost of jboons the Fencer, a journeyman CoRe of Okawaru (D:11)
  7 radroaches
  39 vault guards
  3 jorogumos
  A spectral tengu (Tar:1)
  17 ice dragons
  6 stokers
  An azure jelly zombie (Crypt:3)
  3 spriggan skeletons
  3 ogre magi
  3 death knights
  14 caustic shrike simulacra
  18 dancing weapons
  6 orc high priests
  A spectral stone giant (Tar:2)
  10 two-headed ogres
  5 tengu warriors
  9 deep troll shamans
  36 death scarabs
  10 demonic crawlers
  6 occultists
  A titan zombie (Abyss:1)
  12 deep troll earth magi
  27 death yaks
  10 vampire magi
  26 hell hogs
  A spectral dire elephant (Tar:4)
  2 shock serpents (shapeshifter)
  8 spriggan berserkers
  53 sun demons
  3 hellephant skeletons (Pan)
  4 thrashing horrors
  41 soul eaters
  10 hell knights
  6 crystal echidnas
  6 shadow wraiths
  14 wretched stars
  17 deep elf knights
  4 fire crabs (Abyss:3)
  2 pharaoh ants
  51 sixfirhies
  A skyshark (Lair:5)
  76 deep trolls
  2 goliath frogs
  6 iron trolls
  A skyshark (shapeshifter) (Vaults:5)
  An anaconda zombie (Abyss:3)
  3 quicksilver dragon simulacra
  32 skeletal warriors
  A cherub (Depths:1)
  13 orb spiders
  3 spriggan druids
  3 mana vipers (Zot:3)
  30 shadow demons
  3 flayed ghosts
  11 bog bodies
  A glowing orange brain (shapeshifter) (Vaults:4)
  8 spriggan simulacra
  6 lindwurms
  The ghost of dialectric the Ducker, a novice TrFi (D:8)
  7 arcanists
  A tengu zombie (Vaults:4)
  9 deep elf archers
  6 glowing orange brains
  12 swamp dragons
  8 sun moths
  22 deep elf pyromancers
  23 phantasmal warriors
  19 wolf spiders
  52 large abominations
  23 ironbound convokers
  7 steelbarb worms
  8 necromancers
  16 orc knights
  42 ugly things
  14 deep elf zephyrmancers
  13 shining eyes
  2 shadow dragon skeletons
  A stone giant zombie (Vaults:5)
  2 will-o-the-wisps
  7 orc sorcerers
  A spectral alligator snapping turtle (Tar:1)
  A salamander (shapeshifter) (Vaults:5)
  A salamander (Depths:4)
  3 oklob plants (Lair:4)
  3 worldbinders
  A manticore (shapeshifter) (D:12)
  2 manticores
  An alligator skeleton (Crypt:2)
  A frost giant zombie (Vaults:4)
  A meliai (shapeshifter) (Elf:1)
  23 moths of wrath
  7 cyclopes
  A moth of wrath (shapeshifter) (D:15)
  11 meliai
  2 centaur zombies
  A spectral centaur (Tar:1)
  2 stone giant skeletons
  3 eyes of devastation
  4 black mambas
  11 elephants
  6 kobold blastminers (Orc:2)
  An eleionoma skeleton (Crypt:3)
  An elf zombie (Vaults:5)
  5 ice statues
  A fire giant skeleton (Crypt:1)
  4 titan simulacra
  An alligator snapping turtle zombie (Crypt:3)
  8 rust devils
  21 vault sentinels
  36 orange demons
  12 spectral spriggans
  57 smoke demons
  4 spectral swamp worms (Tar:7)
  12 cane toads
  3 molten gargoyles (Hell)
  4 torpor snails
  A storm dragon simulacrum (Coc:1)
  A centaur skeleton (Tomb:2)
  3 gargoyles (Gauntlet)
  3 apocalypse crabs
  25 hellions
  A rime drake (Lair:1)
  A komodo dragon (Lair:2)
  A kobold demonologist (D:14)
  A dire elephant skeleton (Tomb:2)
  11 freezing wraiths
  5 unseen horrors (Crypt:2)
  A sea snake skeleton (Hell)
  3 anaconda simulacra
  29 tormentors
  42 yaktaurs
  4 golden dragon simulacra
  4 ice devils
  5 efreet
  40 guardian mummies
  2 iron giant simulacra
  2 spectral harpies
  3 tengu conjurers
  2 grey draconian skeletons (Crypt:2)
  4 ancient zymes
  A polar bear (Lair:5)
  A harpy zombie (Tomb:1)
  An iron troll skeleton (Crypt:2)
  A red devil (Pan)
  A death drake zombie (Crypt:2)
  19 hellwings
  13 trolls
  A shadow dragon simulacrum (Vaults:5)
  A queen bee (D:14)
  8 tyrant leeches
  2 hydra zombies (Hell)
  A merfolk (D:9)
  4 bloated husks (Swamp:1)
  A queen bee (shapeshifter) (D:14)
  13 raiju
  2 alligator simulacra (Hell)
  3 harpy skeletons (Crypt:3)
  30 tarantellas
  21 blink frogs
  20 hornets
  Grinder (D:4)
  3 hydra skeletons
  2 glass eyes (Slime:5)
  An iron dragon simulacrum (Coc:6)
  3 stone giant simulacra
  3 ettin zombies
  6 dream sheep (Lair:5)
  3 shadows
  Sigmund (D:4)
  2 air elementals
  6 centaur simulacra
  16 spriggans
  43 jumping spiders
  5 water elementals
  A vampire (Crypt:3)
  44 ynoxinuls
  30 culicivoras
  4 dire elephant simulacra
  101 slime creatures
  An ettin skeleton (Tomb:2)
  2 wyverns
  12 ushabtiu
  8 wraiths
  70 yaks
  5 wargs
  3 basilisks
  A slime creature zombie (Crypt:2)
  2 steam dragons (Gauntlet)
  A black mamba skeleton (Abyss:1)
  17 golden eyes
  6 fire elementals
  A tyrant leech zombie (Crypt:1)
  39 neqoxecs
  A hog (Lair:5)
  51 redbacks
  12 vampire mosquitoes
  2 alligator snapping turtle simulacra
  45 chaos spawn
  17 harpy simulacra
  A naga zombie (Tomb:3)
  13 water moccasins
  16 swamp worms
  4 hydra simulacra
  A hornet zombie (Crypt:2)
  Duvessa (D:4)
  11 hell hounds
  A glowing shapeshifter skeleton (Crypt:1)
  An acid dragon (D:12)
  7 swamp drakes (Swamp:4)
  2 naga skeletons
  An elephant zombie (Crypt:3)
  A swamp dragon zombie (Crypt:3)
  8 ice beasts
  A sky beast (D:7)
  2 black bears
  A black mamba simulacrum (Coc:1)
  10 ettin simulacra
  21 laughing skulls
  8 ogres
  39 orc warriors
  20 small abominations
  16 wolves
  A dream sheep zombie (Crypt:1)
  14 centaurs
  A crocodile (shapeshifter) (Vaults:4)
  2 human skeletons
  2 phantoms
  A weeping skull (Abyss:2)
  A brain worm (Abyss:1)
  Blork the orc (Orc:1)
  15 bullfrogs
  5 kobold brigands
  3 gnoll sergeants
  2 scorpions
  4 earth elementals
  A water moccasin zombie (Crypt:2)
  8 wights
  A wyvern skeleton (Crypt:2)
  Dowan (D:4)
  31 killer bees
  3 howler monkeys
  5 electric eels (D:10)
  4 quasits
  A bullfrog zombie (Crypt:1)
  2 bombardier beetles
  A crimson imp (Abyss:1)
  2 hounds (D:6)
  A gnoll bouda (D:4)
  13 orc priests
  57 starcursed masses
  An iron imp (Abyss:2)
  2 iguanas
  Natasha (thrice) (D:3)
  A sleepcap (D:4)
  12 orc wizards
  12 hell rats
  A crocodile zombie (Crypt:2)
  An acid dragon skeleton (Crypt:2)
  47 mummies
  A boggart simulacrum (D:7)
  20 gnolls
  A howler monkey skeleton (Crypt:1)
  9 adders
  3 shadow imps
  6 white imps
  2 ufetubi (D:6)
  A lava snake zombie (Crypt:3)
  6 dart slugs
  5 ribbon worms
  56 orcs
  14 ball pythons
  7 bats
  A bat zombie (Crypt:1)
  12 endoplasms
  4 giant cockroaches
  11 goblins
  9 hobgoblins
  15 jackals
  5 quokkas
  2 frilled lizards
  27 kobolds
  A quokka skeleton (Crypt:3)
  8 rats
  5 aspiring fleshes
  5 creeping infernos
  9 fire vortices
  10 starspawn tentacles
  4 tentacles (Abyss:3)
4442 creatures vanquished.

Vanquished Creatures (collateral kills)
  A shard shrike (Coc:4)
  An Ice Fiend (Coc:4)
  2 Orb Guardians (Zot:5)
  2 draconian shifters (Zot:5)
  A white draconian (Zot:5)
  A hydra simulacrum (Coc:4)
8 creatures vanquished.

Vanquished Creatures (others)
  A hellephant (Pan)
  2 eldritch tentacles (Pan)
  A draconian knight (Zot:4)
  An emperor scorpion (Spider:4)
  A draconian monk (Zot:4)
  A deep elf elementalist (Elf:1)
  A shard shrike simulacrum (Coc:6)
  A ghost moth (Spider:4)
  A black draconian (Zot:3)
  2 juggernaut simulacra
  A caustic shrike simulacrum (Coc:6)
  2 deep elf knights
  A sixfirhy (Pan)
  A quicksilver dragon simulacrum (Coc:7)
  5 spriggan simulacra
  17 hellions (Pan)
  An efreet (Pan)
  A rime drake (Lair:5)
  An anaconda simulacrum (Coc:4)
  2 iron giant simulacra (Coc:7)
  2 bloated husks
  2 iron dragon simulacra
  A jumping spider (Spider:2)
  A yak (Lair:5)
  An air elemental (Elf:2)
  A human (Lair:5)
  2 neqoxecs (Pan)
  4 fire bats (Pan)
  6 chaos spawn (Pan)
  A swamp worm (Swamp:1)
  2 harpy simulacra
  An ettin simulacrum (Coc:6)
  A hell rat (Hell)
  A ball lightning (Pan)
  2 foxfires (Swamp:1)
  3 lurking horrors
  22 starspawn tentacles
  7 tentacles (Abyss:3)
104 creatures vanquished.

Grand Total: 4554 creatures vanquished

Notes
Turn   | Place    | Note
-------+----------+-------------------------------------------
     0 | D:1      | sleeves the Troll Alchemist began the quest for the Orb.
     0 | D:1      | Reached XP level 1. HP: 16/16 MP: 1/1
    75 | D:1      | Reached skill level 1 in Unarmed Combat
    83 | D:1      | Reached XP level 2. HP: 15/24 MP: 2/2
   172 | D:1      | Reached skill level 2 in Unarmed Combat
   441 | D:1      | Reached XP level 3. HP: 26/31 MP: 3/3
   659 | D:1      | Found a faded altar of an unknown god.
   941 | D:2      | Found a stormy altar of Qazlal.
   983 | D:2      | Reached skill level 3 in Unarmed Combat
  1119 | D:2      | Reached XP level 4. HP: 36/39 MP: 4/4
  1423 | D:3      | Noticed Natasha
  1430 | D:3      | Killed Natasha
  1431 | D:3      | Reached skill level 4 in Unarmed Combat
  2128 | D:3      | Reached XP level 5. HP: 37/45 MP: 5/5
  2191 | D:3      | Noticed Natasha
  2202 | D:3      | Killed Natasha
  2203 | D:3      | Reached skill level 5 in Unarmed Combat
  2511 | D:3      | Noticed Natasha
  2519 | D:3      | Killed Natasha
  2658 | D:4      | Reached XP level 6. HP: 53/53 MP: 6/6
  2699 | D:4      | Noticed Grinder
  2709 | D:4      | Reached skill level 6 in Unarmed Combat
  2711 | D:4      | HP: 25/53 [gnoll bouda/+0 club (5)]
  2794 | D:4      | Paralysed by Grinder for 5 turns
  2805 | D:4      | Paralysed by Grinder for 5 turns
  2812 | D:4      | Killed Grinder
  2813 | D:4      | Reached skill level 7 in Unarmed Combat
  2813 | D:4      | Reached XP level 7. HP: 59/59 MP: 7/7
  3034 | D:4      | Found a shadowy altar of Dithmenos.
  3151 | D:4      | Reached skill level 8 in Unarmed Combat
  3245 | D:4      | Noticed Duvessa
  3245 | D:4      | Noticed Dowan
  3251 | D:4      | Killed Duvessa
  3257 | D:4      | Killed Dowan
  3459 | D:4      | Noticed Sigmund
  3470 | D:4      | Killed Sigmund
  3471 | D:4      | Reached skill level 9 in Unarmed Combat
  3471 | D:4      | Reached XP level 8. HP: 67/67 MP: 8/8
  3479 | D:4      | Found a broken altar of Ashenzari.
  3636 | D:5      | Entered Level 5 of the Dungeon
  4000 | D:5      | Reached skill level 10 in Unarmed Combat
  4198 | D:6      | Found a glowing drain.
  4213 | Sewer    | Entered a sewer
  4351 | Sewer    | Reached skill level 2 in Dodging
  4354 | Sewer    | Reached skill level 1 in Fighting
  4857 | D:6      | Reached skill level 2 in Fighting
  5057 | D:6      | Reached skill level 3 in Dodging
  5057 | D:6      | Reached XP level 9. HP: 79/79 MP: 9/9
  5249 | D:6      | Learned a level 2 spell: Lesser Beckoning
  5360 | D:6      | Found a staircase to the Ecumenical Temple.
  5518 | Temple   | Entered the Ecumenical Temple
  5571 | Temple   | Became a worshipper of Cheibriados the Contemplative
  5652 | D:6      | Reached skill level 11 in Unarmed Combat
  5695 | D:7      | Reached skill level 3 in Fighting
  5800 | D:7      | Found a transporter.
  5905 | D:7      | Reached * piety under Cheibriados
  5958 | D:7      | Reached skill level 4 in Dodging
  6048 | D:7      | Reached skill level 4 in Fighting
  6113 | D:7      | Found Eshriul's Book Boutique.
  6120 | D:7      | Found a transporter.
  6381 | D:7      | Found a sparkling altar of Nemelex Xobeh.
  6580 | D:8      | Identified the +5 short sword of the Howling Gods {protect,
                  | rC+ Int+3}
  6600 | D:8      | Learned a level 4 spell: Manifold Assault
  6621 | D:8      | Reached ** piety under Cheibriados
  6680 | D:8      | Noticed dialectric's ghost (novice TrFi)
  6681 | D:8      | Noticed a moth of wrath
  6691 | D:8      | Found a transporter.
  6695 | D:8      | Noticed a troll
  6700 | D:8      | Killed a troll
  6701 | D:8      | Reached skill level 5 in Dodging
  6753 | D:8      | Reached XP level 10. HP: 94/94 MP: 10/10
  7005 | D:8      | Found a transporter.
  7009 | D:8      | Found a bloodstained altar of Trog.
  7258 | D:9      | Reached skill level 5 in Fighting
  7258 | D:9      | Reached skill level 12 in Unarmed Combat
  7334 | D:9      | Found a staircase to the Lair.
  7337 | D:9      | Reached *** piety under Cheibriados
  7438 | D:9      | Noticed Erolcha
  7448 | D:9      | Killed Erolcha
  7584 | D:9      | Found Jiguckych's Magic Scroll Boutique.
  7592 | D:9      | Bought a scroll of identify for 30 gold pieces
  7592 | D:9      | Bought a scroll of teleportation for 45 gold pieces
  7638 | D:9      | Found a radiant altar of Vehumet.
  7747 | D:9      | Reached skill level 6 in Dodging
  7788 | D:9      | Reached skill level 6 in Fighting
  7859 | D:10     | Entered Level 10 of the Dungeon
  7999 | D:10     | Reached **** piety under Cheibriados
  8151 | D:10     | Noticed a two-headed ogre
  8163 | D:10     | HP: 41/100 [two-headed ogre/+0 giant spiked club (18)]
  8164 | D:10     | Killed a two-headed ogre
  8165 | D:10     | Reached XP level 11. HP: 45/107 MP: 11/11
  8263 | D:10     | Noticed a two-headed ogre
  8269 | D:10     | Killed a two-headed ogre
  8270 | D:10     | Reached skill level 13 in Unarmed Combat
  8795 | D:10     | Reached skill level 7 in Dodging
  8935 | D:11     | Noticed a skeletal warrior
  8939 | D:11     | Noticed a skeletal warrior
  8940 | D:11     | Noticed a skeletal warrior
  8940 | D:11     | Noticed a skeletal warrior
  8992 | Lair:1   | Entered Level 1 of the Lair of Beasts
  9004 | D:9      | Reached skill level 7 in Fighting
  9047 | Lair:1   | Reached ***** piety under Cheibriados
  9455 | Lair:1   | HP: 48/110 [yak (12)]
  9460 | Lair:1   | HP: 36/111 [poisoned by a cane toad]
  9465 | Lair:1   | HP: 40/111 [poisoned by a cane toad]
  9468 | Lair:1   | HP: 19/111 [yak (7)]
  9471 | Lair:1   | Reached skill level 8 in Dodging
  9473 | Lair:1   | HP: 11/111 [yak (12)]
  9491 | Lair:1   | Reached skill level 8 in Fighting
  9509 | Lair:1   | HP: 54/111 [cane toad (4)]
  9514 | Lair:1   | HP: 47/111 [poisoned by a cane toad]
  9519 | Lair:1   | HP: 46/111 [poisoned by a cane toad]
  9524 | Lair:1   | HP: 48/111 [poisoned by a cane toad]
  9586 | Lair:1   | Found the amulet of Elemental Vulnerability {rPois rF--
                  | rC-- AC+8}
 10184 | Lair:2   | Reached XP level 12. HP: 119/120 MP: 12/12
 10189 | Lair:2   | Reached skill level 14 in Unarmed Combat
 10359 | Lair:2   | Reached skill level 1 in Invocations
 11059 | Lair:3   | Reached skill level 2 in Invocations
 11102 | Lair:3   | Reached skill level 3 in Invocations
 11272 | Lair:3   | Reached skill level 4 in Invocations
 11540 | Lair:3   | Found a staircase to the Swamp.
 11614 | Lair:3   | Noticed a four-headed hydra
 11889 | Lair:3   | Found a hole to the Spider Nest.
 12189 | Lair:4   | Noticed a death yak
 12189 | Lair:4   | Noticed a death yak
 12190 | Lair:4   | Noticed a death yak
 12190 | Lair:4   | Noticed a death yak
 12190 | Lair:4   | Noticed a death yak
 12196 | Lair:4   | Killed a death yak
 12196 | Lair:4   | Noticed a boulder beetle
 12197 | Lair:4   | Reached skill level 15 in Unarmed Combat
 12201 | Lair:4   | Killed a death yak
 12202 | Lair:4   | Reached skill level 5 in Invocations
 12207 | Lair:4   | Killed a death yak
 12212 | Lair:4   | Killed a boulder beetle
 12214 | Lair:4   | Killed a death yak
 12224 | Lair:4   | Killed a death yak
 12242 | Lair:4   | Found a gate leading to a gauntlet.
 12252 | Gauntlet | Entered a Gauntlet
 12252 | Gauntlet | Noticed a death yak
 12252 | Gauntlet | Noticed a death yak
 12252 | Gauntlet | Noticed a death yak
 12252 | Gauntlet | Noticed a death yak
 12252 | Gauntlet | Found a transporter.
 12252 | Gauntlet | Found a transporter.
 12253 | Gauntlet | Found a transporter.
 12253 | Gauntlet | Noticed a death yak
 12253 | Gauntlet | Noticed a death yak
 12256 | Gauntlet | Found a transporter.
 12257 | Gauntlet | Noticed a catoblepas
 12258 | Gauntlet | Found a transporter.
 12263 | Gauntlet | Noticed a balrug
 12266 | Gauntlet | Found a transporter.
 12283 | Gauntlet | Found a transporter.
 12288 | Gauntlet | Found a transporter.
 12305 | Gauntlet | Found a transporter.
 12313 | Gauntlet | Found a transporter.
 12315 | Gauntlet | Noticed a catoblepas
 12330 | Gauntlet | Found a transporter.
 12384 | Gauntlet | Found a transporter.
 12479 | Gauntlet | Killed a catoblepas
 12480 | Gauntlet | Reached skill level 6 in Invocations
 12521 | Gauntlet | HP: 41/122 [catoblepas (27)]
 12522 | Gauntlet | Killed a catoblepas
 12524 | Gauntlet | Reached XP level 13. HP: 44/128 MP: 16/16
 12745 | Gauntlet | Identified the ring of Temptation {Wiz Str+4 Dex+3 Slay-3
                  | SInv}
 12753 | Gauntlet | Identified the amulet of Secrets {+Inv rPois Regen+ Int+3}
 12753 | Gauntlet | Noticed a minotaur
 12761 | Gauntlet | HP: 62/128 [minotaur/staff of air (5)]
 12763 | Gauntlet | Killed a minotaur
 12856 | Gauntlet | Identified the +6 short sword of Nuosusag {vamp, rF+++
                  | Int-2 Dex+4}
 12929 | Lair:4   | Reached skill level 7 in Invocations
 13119 | Lair:4   | Reached skill level 16 in Unarmed Combat
 13186 | Lair:4   | Noticed Rupert
 13209 | Lair:5   | Entered Level 5 of the Lair of Beasts
 13213 | Lair:5   | Reached ****** piety under Cheibriados
 13269 | Lair:5   | Reached skill level 8 in Invocations
 13319 | Lair:5   | Reached skill level 9 in Invocations
 13469 | Lair:5   | Reached skill level 10 in Invocations
 13550 | Lair:5   | Reached skill level 11 in Invocations
 13663 | Lair:5   | Identified a scroll of acquirement
 13673 | Lair:5   | Acquired 326 gold pieces
 13720 | Lair:5   | Reached XP level 14. HP: 129/137 MP: 21/21
 13776 | Lair:5   | Found a corrupted altar of Lugonu.
 13776 | Lair:5   | Found a one-way gate to the infinite horrors of the Abyss.
 13807 | Lair:5   | Reached skill level 12 in Invocations
 13996 | Lair:5   | Reached skill level 1 in Translocations
 14062 | Lair:5   | Noticed Kirke
 14153 | Lair:5   | Reached skill level 2 in Translocations
 14171 | Lair:5   | HP: 68/137 [death yak (7)]
 14177 | Lair:5   | Reached skill level 3 in Translocations
 14178 | Lair:5   | HP: 33/137 [death yak (10)]
 14185 | Lair:5   | HP: 28/137 [death yak (3)]
 14194 | Lair:5   | HP: 17/137 [death yak (12)]
 14267 | Lair:5   | Learned a level 1 spell: Apportation
 14324 | Lair:5   | Killed Kirke
 14325 | Lair:5   | Reached skill level 4 in Translocations
 15026 | D:11     | Reached skill level 17 in Unarmed Combat
 15333 | D:11     | Found a transporter.
 15334 | D:11     | Found a transporter.
 15334 | D:11     | Noticed jboons's ghost (journeyman CoRe)
 15336 | D:11     | Identified the +7 great mace of Gravity {flame, ^Fragile
                  | rElec Str+3}
 15417 | D:12     | Noticed Gastronok
 15428 | D:12     | Killed Gastronok
 15429 | D:12     | Reached skill level 5 in Translocations
 15496 | D:12     | Found a staircase to the Orcish Mines.
 15805 | D:12     | Found a runed translucent door.
 15820 | D:12     | HP: 66/137 [troll (8)]
 15856 | D:12     | Noticed a fire giant
 15859 | D:12     | Found a runed translucent door.
 15959 | D:12     | Reached XP level 15. HP: 118/144 MP: 23/23
 16137 | D:13     | HP: 70/144 [centaur warrior/arrow (12)]
 16142 | D:13     | HP: 37/144 [centaur/stone[a centaur warrior] (1)]
 16144 | D:13     | HP: 8/144 [slime creature (13)]
 16327 | D:13     | Reached skill level 13 in Invocations
 16412 | D:13     | HP: 72/144 [centaur warrior (3)]
 16547 | D:13     | Identified the blade talisman "Bal Ekhaejy" {rElec}
 16709 | Orc:1    | Entered Level 1 of the Orcish Mines
 16711 | Orc:1    | Noticed Blork the orc
 16720 | Orc:1    | Killed Blork the orc
 16747 | Orc:1    | Reached skill level 6 in Translocations
 16769 | Orc:1    | HP: 71/144 [orc warrior/+2 heavy trident[an orc warlord]
                  | (16)]
 17219 | Orc:2    | Entered Level 2 of the Orcish Mines
 17219 | Orc:2    | Found Burif's Antique Armour Shoppe.
 17284 | Orc:2    | Found Leymic's Jewellery Emporium.
 17349 | Orc:2    | HP: 64/144 [kobold blastminer/iron shot (25)]
 17495 | Orc:2    | Found a staircase to the Elven Halls.
 17593 | Orc:2    | Found Tyuzxaoq's General Store.
 17642 | Orc:2    | HP: 63/144 [orc warlord/+0 long sword (29)]
 17644 | Orc:2    | Reached skill level 18 in Unarmed Combat
 17771 | Orc:2    | Found Xyvumpop's Antique Weapon Boutique.
 17919 | Orc:2    | Found a roughly hewn altar of Beogh.
 17991 | Orc:2    | Found Xuzxom's Antique Armour Emporium.
 18445 | D:14     | HP: 72/144 [??? (70)]
 18504 | D:14     | Found a gate to the Vaults.
 18515 | D:14     | Reached skill level 7 in Translocations
 18658 | D:14     | Identified the +10 dagger of the Desolation of Salt {pain,
                  | Fly rElec Str-5 Int+4}
 19150 | D:14     | Reached skill level 14 in Invocations
 19291 | D:14     | Identified the blade talisman "Uptempuo" {rCorr Str+2
                  | Dex+3}
 19297 | D:14     | Reached XP level 16. HP: 138/153 MP: 16/25
 19735 | D:15     | Entered Level 15 of the Dungeon
 20048 | D:15     | Reached skill level 8 in Translocations
 20070 | D:15     | Found a staircase to the Depths.
 20280 | D:15     | Noticed Agnes
 20285 | D:15     | Killed Agnes
 20412 | D:15     | Reached skill level 19 in Unarmed Combat
 20482 | D:15     | Found Kicais's Assorted Antiques.
 20485 | D:15     | Bought the +3 crown of Dyrovepreva {rElec Int+2 SInv} for
                  | 1076 gold pieces
 20485 | D:15     | Bought an encrusted tower shield for 247 gold pieces
 20485 | D:15     | Identified the +0 tower shield of Dogmatism {*Corrode rN++
                  | Str+4} (You bought it in a shop on level 15 of the Dungeon)
 20485 | D:15     | Bought a potion of heal wounds for 130 gold pieces
 20485 | D:15     | Found the +3 crown of Dyrovepreva {rElec Int+2 SInv}
 21050 | Spider:1 | Entered Level 1 of the Spider Nest
 21082 | Spider:1 | Reached skill level 1 in Shields
 21344 | Spider:1 | Reached skill level 2 in Shields
 21624 | Spider:1 | Reached skill level 3 in Shields
 21855 | Spider:1 | Identified the +9 long sword of Vuont {vamp, rPois rF+++
                  | rC- Dex-5}
 21891 | Spider:1 | HP: 74/153 [burnt (14)]
 22130 | Spider:1 | Reached skill level 4 in Shields
 22552 | Spider:2 | Reached skill level 5 in Shields
 22570 | Spider:1 | HP: 63/153 [culicivora (14)]
 22575 | Spider:1 | HP: 51/153 [poisoned by a wolf spider]
 22580 | Spider:1 | HP: 45/153 [poisoned by a wolf spider]
 22585 | Spider:1 | HP: 48/153 [poisoned by a wolf spider]
 22590 | Spider:1 | HP: 54/153 [poisoned by a wolf spider]
 22974 | Spider:2 | HP: 28/153 [disintegration (64)]
 23176 | Spider:2 | Reached skill level 6 in Shields
 23282 | Spider:2 | Reached skill level 20 in Unarmed Combat
 23464 | Spider:2 | Reached XP level 17. HP: 159/159 MP: 10/26
 23726 | Spider:2 | Reached skill level 7 in Shields
 23853 | Spider:2 | Noticed Arachne
 23861 | Spider:2 | Killed Arachne
 24399 | Spider:3 | Reached skill level 8 in Shields
 25136 | Spider:3 | Noticed Jorgrun
 25148 | Spider:3 | HP: 61/159 [Jorgrun/+0 heavy quarterstaff (21)]
 25149 | Spider:3 | Killed Jorgrun
 25347 | Spider:3 | Reached skill level 9 in Shields
 26153 | Spider:4 | Entered Level 4 of the Spider Nest
 26825 | Spider:4 | HP: 73/159 [wolf spider (11)]
 26830 | Spider:4 | HP: 37/159 [burnt (7)]
 27000 | Spider:4 | Reached skill level 2 in Spellcasting
 27383 | Spider:4 | Reached skill level 10 in Shields
 27643 | Spider:4 | Reached skill level 9 in Translocations
 27653 | Spider:4 | Reached skill level 3 in Spellcasting
 27947 | Spider:4 | Got a gossamer rune of Zot
 28357 | Swamp:1  | Entered Level 1 of the Swamp
 29247 | Swamp:1  | Reached skill level 4 in Spellcasting
 29624 | Swamp:1  | Reached XP level 18. HP: 152/169 MP: 24/27
 29727 | Swamp:1  | Reached skill level 10 in Translocations
 29920 | Swamp:1  | Found a runed translucent gate.
 29921 | Swamp:1  | Found a runed translucent gate.
 29922 | Swamp:1  | Found a runed translucent gate.
 29925 | Swamp:1  | Noticed knightboat's ghost (adept GnRe)
 30071 | Swamp:1  | Noticed Nikola
 30084 | Swamp:1  | Killed Nikola
 30087 | Swamp:1  | HP: 76/169 [bunyip (32)]
 30089 | Swamp:1  | Reached skill level 5 in Spellcasting
 30318 | Swamp:1  | Identified the +0 mace "Maphohe" {vamp, +Blink rPois MP-9
                  | Str+3}
 30744 | Swamp:2  | Acquired 778 gold pieces
 31426 | Swamp:3  | Reached skill level 6 in Spellcasting
 31594 | Swamp:3  | Noticed Louise
 31600 | Swamp:3  | Killed Louise
 31606 | Swamp:3  | Noticed a tentacled monstrosity
 31740 | Swamp:3  | Killed a tentacled monstrosity
 31980 | Swamp:3  | Identified the serpent talisman "Ketit" {rElec MP+9 Str+4
                  | Dex+2}
 31980 | Swamp:3  | Noticed Aizul
 31991 | Swamp:3  | Killed Aizul
 32541 | Swamp:3  | Reached skill level 7 in Spellcasting
 32988 | Swamp:4  | Entered Level 4 of the Swamp
 33391 | Swamp:4  | Reached skill level 9 in Dodging
 33765 | Swamp:4  | Got a decaying rune of Zot
 34744 | Vaults:1 | Entered Level 1 of the Vaults
 34759 | Vaults:1 | Reached skill level 8 in Spellcasting
 34784 | Vaults:1 | Reached skill level 10 in Dodging
 34967 | Vaults:1 | Reached XP level 19. HP: 151/176 MP: 16/30
 35284 | Vaults:1 | HP: 71/176 [ironbound frostheart/creeping frost (26)]
 35291 | Vaults:1 | Reached skill level 9 in Spellcasting
 35725 | Vaults:1 | HP: 78/176 [dire elephant (27)]
 35826 | Vaults:1 | HP: 79/176 [orc knight/+0 great mace (18)]
 35832 | Vaults:1 | HP: 79/176 [orc knight/+0 great mace (9)]
 35989 | Vaults:1 | Found a roughly hewn altar of Beogh.
 36200 | Vaults:1 | HP: 75/176 [ironbound preserver/+0 great mace (18)]
 36241 | Vaults:1 | Reached skill level 10 in Spellcasting
 36243 | Vaults:1 | HP: 76/176 [deep troll[an ironbound preserver] (13)]
 36255 | Vaults:1 | HP: 77/176 [deep troll[an ironbound preserver] (18)]
 36839 | D:7      | Bought Great Wizards, Vol. VII for 420 gold pieces
 36844 | D:7      | Learned a level 4 spell: Passage of Golubria
 37025 | D:8      | Killed dialectric's ghost
 37026 | D:8      | Reached skill level 9 in Fighting
 37196 | D:11     | Killed jboons's ghost
 37840 | Elf:1    | Entered Level 1 of the Elven Halls
 37851 | Elf:1    | HP: 89/182 [burnt (7)]
 38562 | Elf:1    | Reached skill level 10 in Fighting
 38609 | Elf:1    | Noticed Frances
 38624 | Elf:1    | Killed Frances
 38673 | Elf:1    | Reached XP level 20. HP: 165/189 MP: 7/33
 38842 | Elf:1    | Reached skill level 21 in Unarmed Combat
 39209 | Elf:1    | Found a radiant altar of Vehumet.
 39462 | Elf:2    | Found a transporter.
 39463 | Elf:2    | Noticed Quimia Kaeg's ghost (adept MiBe)
 39519 | Elf:2    | Found Inoff's Book Boutique.
 39633 | Elf:2    | Found Sioz's Magic Scroll Shoppe.
 39635 | Elf:2    | Found Sucilips's Assorted Antiques.
 39679 | Elf:2    | Bought a scroll of teleportation for 45 gold pieces
 39679 | Elf:2    | Bought a scroll of teleportation for 45 gold pieces
 39740 | Elf:2    | Found a transporter.
 39780 | Elf:2    | Found Wigatteb's General Store.
 39874 | Elf:2    | Found an ancient bone altar of Kikubaaqudgha.
 39968 | Elf:2    | Found a runed translucent gate.
 39969 | Elf:2    | Found a runed translucent gate.
 39969 | Elf:2    | Found a runed translucent gate.
 40013 | Elf:3    | Entered Level 3 of the Elven Halls
 40236 | Elf:3    | Paralysed by an air elemental for 1 turns
 40251 | Elf:3    | Noticed Donald
 40256 | Elf:3    | Killed Donald
 40379 | Elf:3    | Reached skill level 11 in Fighting
 40519 | Elf:3    | Noticed Saint Roka
 40542 | Elf:3    | HP: 97/195 [Saint Roka/divine providence (13)]
 40543 | Elf:3    | Killed Saint Roka
 40627 | Elf:3    | Noticed Roxanne
 40636 | Elf:3    | Killed Roxanne
 40816 | Elf:3    | Reached skill level 1 in Shapeshifting
 41239 | Elf:3    | Reached skill level 2 in Shapeshifting
 41299 | Elf:3    | Found a radiant altar of Vehumet.
 41319 | Elf:3    | Found a roughly hewn altar of Beogh.
 41515 | Elf:3    | Found Xuxemux's Book Shoppe.
 41515 | Elf:3    | Found Xuxemux's Jewellery Boutique.
 41516 | Elf:3    | Found Qusis's Book Shoppe.
 41650 | Elf:3    | Found Idiomup's Weapon Emporium.
 41759 | Elf:3    | Reached skill level 3 in Shapeshifting
 41854 | Elf:3    | Reached skill level 4 in Shapeshifting
 41864 | Elf:3    | Identified the +7 short sword "Makuatits" {antimagic, rElec
                  | SInv}
 41929 | Elf:3    | Identified the +8 plate armour "Ewkaete" {Dex+5}
 41937 | Elf:3    | Reached skill level 22 in Unarmed Combat
 41952 | Elf:3    | Reached skill level 5 in Shapeshifting
 41960 | Elf:3    | HP: 93/196 [deep elf master archer/arrow (33)]
 42296 | Elf:3    | Reached skill level 6 in Shapeshifting
 42341 | Elf:3    | Identified the +3 falchion of Vanity {holy, *Corrode Will+
                  | Str+7}
 42343 | Elf:3    | Identified the staff of Dismay {rElec Str+2 Dex+2 Air}
 42355 | Elf:3    | Got the Directory of Chilblains and the Cwm
 42362 | Elf:3    | Got the Discourse on Azure Movement
 42367 | Elf:3    | Identified the scarf of the Eight Boll Weevils {repulsion,
                  | ^Drain +Blink rCorr Dex+5}
 42413 | Elf:3    | Learned a level 2 spell: Blink
 43356 | Vaults:2 | HP: 73/184 [tengu reaver/bolt of fire (50)]
 43468 | Vaults:2 | Reached skill level 7 in Shapeshifting
 43689 | Vaults:2 | HP: 88/196 [dire elephant (30)]
 43694 | Vaults:2 | HP: 91/196 [ironbound frostheart (2)]
 43950 | Vaults:2 | Reached skill level 8 in Shapeshifting
 43950 | Vaults:2 | Reached XP level 21. HP: 202/202 MP: 17/34
 44300 | Vaults:2 | Reached skill level 9 in Shapeshifting
 44664 | Vaults:2 | Found a staircase to the Crypt.
 44974 | Vaults:2 | Reached skill level 10 in Shapeshifting
 46178 | Vaults:3 | Reached skill level 11 in Shapeshifting
 46729 | Vaults:3 | Paralysed by a formless jellyfish for 1 turns
 46785 | Vaults:3 | Reached skill level 12 in Shapeshifting
 47244 | Vaults:3 | Found a portal to a secret trove of treasure.
 48026 | Vaults:4 | Reached skill level 13 in Shapeshifting
 48115 | Vaults:4 | Found a transporter.
 48121 | Vaults:4 | Noticed Lightli's ghost (veteran CoCK)
 48131 | Vaults:4 | Found a transporter.
 48291 | Vaults:4 | Identified the ring "Tianum" {AC+4 Str+2 Dex+4}
 48795 | Vaults:4 | Reached skill level 14 in Shapeshifting
 49680 | Crypt:1  | Entered Level 1 of the Crypt
 49694 | Crypt:1  | HP: 100/202 [vampire knight/+0 bardiche (24)]
 49695 | Crypt:1  | Reached XP level 22. HP: 105/211 MP: 18/35
 50112 | Crypt:1  | Reached skill level 15 in Shapeshifting
 51034 | Crypt:1  | Identified the staff of Deflation {rF+ Dex+2 Fire Air}
 51037 | Crypt:1  | Got the Precepts of the Plateau
 51162 | Crypt:1  | Noticed a dread lich
 51172 | Crypt:1  | Killed a dread lich
 51409 | Crypt:2  | Reached skill level 16 in Shapeshifting
 51907 | Crypt:2  | Identified the +0 sling "Dopuzui" {antimagic, rF- rC+ rN++
                  | SInv}
 52228 | Crypt:3  | Entered Level 3 of the Crypt
 52595 | Crypt:3  | Reached skill level 12 in Fighting
 52868 | Crypt:3  | Noticed a curse toe
 52872 | Crypt:3  | Killed a curse toe
 53163 | Crypt:3  | Found a staircase to the Tomb.
 53327 | Crypt:3  | Reached XP level 23. HP: 224/224 MP: 36/36
 53339 | Crypt:3  | Found a basalt altar of Yredelemnul.
 53346 | Crypt:3  | Found an ancient bone altar of Kikubaaqudgha.
 53346 | Crypt:3  | Noticed a royal mummy
 53352 | Crypt:3  | Killed a royal mummy
 53440 | Crypt:3  | Got Sif Muna's Atlas of Exhumation
 53916 | Elf:3    | Bought the ring "Ydesk" {rC+ rN+ Str+6 Int+2 Dex-4} for 850
                  | gold pieces
 54129 | Depths:1 | Entered Level 1 of the Depths
 54334 | Depths:1 | Found a gateway to Hell.
 54417 | Depths:1 | Found an ancient bone altar of Kikubaaqudgha.
 54541 | Depths:1 | Reached skill level 11 in Shields
 54621 | Depths:1 | Found Ukhlocipa's Magic Scroll Boutique.
 54627 | Depths:1 | Found Enekh's General Store.
 54627 | Depths:1 | Found Naicog's Armour Shop.
 54632 | Depths:1 | Found Xunteste's Distillery.
 54638 | Depths:1 | Bought a potion of heal wounds for 105 gold pieces
 54827 | Depths:1 | Found Rytsuc's General Store.
 54830 | Depths:1 | Identified the dragon-blood talisman "Jufiyqit" {Dex+3}
 54830 | Depths:1 | Noticed Bai Suzhen
 54833 | Depths:1 | Killed Bai Suzhen
 54834 | Depths:1 | Reached skill level 11 in Spellcasting
 54935 | Depths:1 | Found Ydeento's General Store.
 55013 | Depths:1 | Bought a scroll of teleportation for 36 gold pieces
 55013 | Depths:1 | Bought a potion of might for 48 gold pieces
 55853 | Depths:2 | Reached skill level 13 in Fighting
 55985 | Depths:2 | Reached skill level 23 in Unarmed Combat
 56173 | Depths:2 | Found a runed translucent door.
 56176 | Depths:2 | Found a radiant altar of Vehumet.
 56177 | Depths:2 | Noticed an ancient lich
 56404 | Depths:2 | Found a one-way gate leading to the halls of Pandemonium.
 56777 | Depths:2 | Killed an ancient lich
 56799 | Depths:2 | Got the Tome of Blasting
 57000 | Depths:3 | Reached skill level 12 in Shields
 57188 | Depths:3 | Reached XP level 24. HP: 236/236 MP: 37/37
 57271 | Depths:3 | Noticed Mennas
 57282 | Depths:3 | Killed Mennas
 57326 | Depths:3 | Noticed Parghit
 57328 | Depths:3 | Killed Parghit
 57329 | Depths:3 | sleeves: ??Parghit
 57329 | Depths:3 | beem: parghit[1/1]: An alt-timeline version of Pargi. Hits
                  | like a wrecking ball, throws large rocks, and regenerates
                  | 27 (!!) hp/turn. Comes with some great gold dragon scales,
                  | maybe even the Dragon King's. Don't mess with this troll!
                  | New in 0.29.
 57551 | Depths:3 | Found Tasme's Armour Boutique.
 57990 | Depths:3 | Found a one-way gateway to a ziggurat.
 58061 | Depths:4 | Entered Level 4 of the Depths
 58074 | Depths:4 | Found Sopeysh's Demolitions Depot.
 58198 | Depths:4 | Noticed Vv
 58208 | Depths:4 | HP: 142/310 [Vv/flame surge (26)]
 58210 | Depths:4 | Killed Vv
 58524 | Depths:4 | Learned a level 6 spell: Dispersal
 58658 | Depths:4 | Reached skill level 14 in Fighting
 58773 | Depths:4 | Reached skill level 12 in Spellcasting
 58899 | Depths:4 | Identified the +1 scale mail "Tien" {rF+++ rCorr Slay-5}
 58919 | Depths:4 | Found a hide-covered altar of Uskayaw.
 59059 | Depths:4 | Reached skill level 13 in Shields
 59226 | Depths:4 | Found a gate to the Realm of Zot.
 59754 | Vaults:4 | Killed Lightli's ghost
 59755 | Vaults:4 | Paralysed by accursed screaming for 1 turns
 59898 | Vaults:4 | Identified the +0 pair of gloves of Wu Jian's Hatred {rPois
                  | rF+}
 59961 | Vaults:5 | Entered Level 5 of the Vaults
 60061 | Vaults:5 | Found Pulirieg's Antique Weapon Shoppe.
 60102 | Vaults:5 | Reached skill level 24 in Unarmed Combat
 60254 | Vaults:5 | Noticed a dread lich
 60307 | Vaults:5 | Killed a dread lich
 60427 | Vaults:5 | Identified the amulet of Touleh {Reflect Str+3 SH+5}
 60505 | Vaults:5 | Reached XP level 25. HP: 250/250 MP: 37/38
 60519 | Vaults:5 | Identified the +1 pair of boots "Rihes" {rF- Int+4 Dex+3}
 60536 | Vaults:5 | Got a silver rune of Zot
 60624 | Vaults:5 | Reached skill level 14 in Shields
 60666 | Vaults:5 | Reached skill level 15 in Fighting
 60781 | Vaults:5 | Identified the +3 chain mail of Greed {Str+2}
 60821 | Vaults:5 | Found Liafyap's Magic Scroll Emporium.
 60821 | Vaults:5 | Found the +2 hood of the Assassin {Detect Stab+ Stlth++}
 60834 | Vaults:5 | Bought a scroll of blinking for 112 gold pieces
 60834 | Vaults:5 | Bought a scroll of blinking for 112 gold pieces
 60834 | Vaults:5 | Bought 3 scrolls of blinking for 337 gold pieces
 60834 | Vaults:5 | Bought a scroll of enchant armour for 112 gold pieces
 60834 | Vaults:5 | Bought a scroll of teleportation for 45 gold pieces
 61308 | Vaults:5 | Found Cenk's Distillery.
 61313 | Vaults:5 | Bought a potion of heal wounds for 120 gold pieces
 61313 | Vaults:5 | Bought a potion of magic for 192 gold pieces
 61313 | Vaults:5 | Bought a potion of might for 96 gold pieces
 61313 | Vaults:5 | Bought a potion of might for 96 gold pieces
 61313 | Vaults:5 | Bought a potion of berserk rage for 120 gold pieces
 61328 | Vaults:5 | Found Ogefeuz's Distillery.
 61333 | Vaults:5 | Bought a potion of magic for 192 gold pieces
 61333 | Vaults:5 | Bought a potion of might for 96 gold pieces
 61333 | Vaults:5 | Bought a potion of berserk rage for 120 gold pieces
 62186 | Lair:4   | Identified the +10 great sword of the Depths {freeze,
                  | Str+3}
 62202 | Lair:4   | Killed Rupert
 62570 | Lair:4   | Found a staircase to the Slime Pits.
 62611 | Slime:1  | Entered Level 1 of the Pits of Slime
 62819 | Slime:3  | Reached skill level 13 in Spellcasting
 64009 | Slime:2  | Gained mutation: You occasionally lose the ability to drink
                  | potions when taking damage. [a shining eye]
 64132 | Slime:3  | Reached skill level 15 in Shields
 64142 | Slime:3  | Gained mutation: You are vulnerable to cold. (rC-) [a
                  | shining eye]
 64301 | Slime:3  | Gained mutation: You are occasionally teleported next to
                  | monsters. [a shining eye]
 64303 | Slime:3  | Gained mutation: You occasionally lose the ability to read
                  | scrolls when taking damage. [a shining eye]
 64367 | Slime:5  | Entered Level 5 of the Pits of Slime
 64498 | Slime:5  | Reached skill level 25 in Unarmed Combat
 64672 | Slime:5  | Reached skill level 16 in Fighting
 64822 | Slime:5  | Noticed the Royal Jelly
 64832 | Slime:5  | Killed the Royal Jelly
 64833 | Slime:5  | Reached XP level 26. HP: 206/266 MP: 15/39
 64849 | Slime:5  | Found the necklace of Bloodlust {Fury *Rage Will++ Int-3
                  | Slay+6}
 64858 | Slime:5  | Identified the ring of Midsummer {rPois rC+ rCorr}
 64915 | Slime:5  | Found the +8 orange crystal plate armour {Archmagi, Int+3
                  | Clar}
 64938 | Slime:5  | Identified the +5 chain mail "Fafext Bizia" {rN+}
 64940 | Slime:5  | Identified the +0 pair of gloves of the Sky {rElec rN+}
 65047 | Slime:5  | Identified the ring "Gast" {^Contam rN++ Will+ EV+5}
 65242 | Slime:5  | Identified the +7 battleaxe of Foolhardiness {flame, Int+3}
 65243 | Slime:5  | Identified the +10 scimitar of Mysakodd {pain, *Rage rN+
                  | Dex+3}
 65248 | Slime:5  | Got a slimy rune of Zot
 65521 | Lair:4   | Lost mutation: You are vulnerable to cold. (rC-) [potion of
                  | mutation]
 65521 | Lair:4   | Lost mutation: You occasionally lose the ability to read
                  | scrolls when taking damage. [potion of mutation]
 65521 | Lair:4   | Lost mutation: You occasionally lose the ability to drink
                  | potions when taking damage. [potion of mutation]
 65521 | Lair:4   | Gained mutation: You are agile. (Dex +4, Str/Int -1)
                  | [potion of mutation]
 65521 | Lair:4   | Gained mutation: You passively dampen the noise of your
                  | surroundings. [potion of mutation]
 65522 | Lair:4   | Lost mutation: You passively dampen the noise of your
                  | surroundings. [potion of mutation]
 65522 | Lair:4   | Lost mutation: You are agile. (Dex +4, Str/Int -1) [potion
                  | of mutation]
 65522 | Lair:4   | Gained mutation: You have hidden genetic potential. [potion
                  | of mutation]
 65522 | Lair:4   | Lost mutation: You have hidden genetic potential. [potion
                  | of mutation]
 65523 | Lair:4   | Lost mutation: You are occasionally teleported next to
                  | monsters. [potion of mutation]
 65523 | Lair:4   | Gained mutation: You heal very quickly. [potion of
                  | mutation]
 65897 | Zot:1    | Entered Level 1 of the Realm of Zot
 66261 | Zot:1    | Noticed an orb of fire
 66265 | Zot:1    | Gained mutation: Armour fits poorly on your strangely
                  | shaped body. [an orb of fire]
 66266 | Zot:1    | Killed an orb of fire
 66477 | Zot:1    | Identified the +8 shortbow "Pupoopt" {drain, rF+ rC+ Int-4
                  | Stlth+}
 66930 | Zot:2    | Reached skill level 14 in Spellcasting
 66935 | Zot:2    | HP: 163/349 [moth of wrath (13)]
 67780 | Zot:3    | Reached skill level 17 in Fighting
 68260 | Zot:3    | Reached skill level 11 in Translocations
 68515 | Zot:3    | Found a runed translucent gate.
 68515 | Zot:3    | Found a runed translucent gate.
 68516 | Zot:3    | Found a runed translucent gate.
 68516 | Zot:3    | Found an opulent altar of Gozag.
 68516 | Zot:3    | Noticed Hoptod's ghost (master DsFi)
 68570 | Zot:3    | Reached skill level 17 in Shapeshifting
 69999 | Zot:4    | Reached skill level 12 in Translocations
 70405 | Zot:5    | Entered Level 5 of the Realm of Zot
 70475 | Zot:5    | Reached XP level 27. HP: 278/278 MP: 28/40
 70640 | Zot:5    | Reached skill level 18 in Shapeshifting
 70986 | Zot:5    | Noticed an ancient lich
 70990 | Zot:5    | Noticed an orb of fire
 70993 | Zot:5    | Killed an ancient lich
 70995 | Zot:5    | Noticed an ancient lich
 70997 | Zot:5    | Killed an orb of fire
 71003 | Zot:5    | Killed an ancient lich
 71021 | Zot:5    | Noticed a dread lich
 71026 | Zot:5    | Noticed an orb of fire
 71031 | Zot:5    | Killed a dread lich
 71034 | Zot:5    | Killed an orb of fire
 71036 | Zot:5    | Noticed a dread lich
 71038 | Zot:5    | Killed a dread lich
 71096 | Zot:5    | Noticed an orb of fire
 71099 | Zot:5    | Gained mutation: You sometimes lose your temper in combat.
                  | [an orb of fire]
 71100 | Zot:5    | Killed an orb of fire
 71222 | Zot:5    | Reached skill level 19 in Shapeshifting
 71394 | Zot:5    | Reached skill level 26 in Unarmed Combat
 71396 | Zot:5    | Noticed an orb of fire
 71400 | Zot:5    | Noticed a dread lich
 71402 | Zot:5    | Noticed a dread lich
 71405 | Zot:5    | Killed an orb of fire
 71407 | Zot:5    | Noticed a dread lich
 71411 | Zot:5    | Killed a dread lich
 71416 | Zot:5    | Killed a dread lich
 71418 | Zot:5    | Noticed an ancient lich
 71421 | Zot:5    | Killed a dread lich
 71429 | Zot:5    | Killed an ancient lich
 71508 | Zot:5    | Lost mutation: You heal very quickly. [potion of mutation]
 71508 | Zot:5    | Lost mutation: Armour fits poorly on your strangely shaped
                  | body. [potion of mutation]
 71508 | Zot:5    | Lost mutation: You sometimes lose your temper in combat.
                  | [potion of mutation]
 71508 | Zot:5    | Gained mutation: You have an increased reservoir of magic.
                  | (+10% MP) [potion of mutation]
 71508 | Zot:5    | Gained mutation: You possess an exceptional clarity of
                  | mind. [potion of mutation]
 71508 | Zot:5    | Gained mutation: Your muscles are strong. (Str +4, Int/Dex
                  | -1) [potion of mutation]
 71508 | Zot:5    | Gained mutation: You are robust. (+10% HP) [potion of
                  | mutation]
 71845 | Hell     | Entered the Vestibule of Hell
 71845 | Hell     | Noticed Geryon
 72061 | Hell     | Killed Geryon
 72199 | Hell     | Reached skill level 20 in Shapeshifting
 72292 | Hell     | Found a gateway to the ashen valley of Gehenna.
 72386 | Hell     | Found a gateway to the decaying netherworld of Tartarus.
 72496 | Hell     | Found a gateway to the Iron City of Dis.
 72644 | Depths:2 | Voluntarily entered the Abyss.
 72917 | Abyss:1  | Paralysed by accursed screaming for 1 turns
 72982 | Abyss:1  | Reached skill level 27 in Unarmed Combat
 72992 | Abyss:2  | Found a corrupted altar of Lugonu.
 73032 | Abyss:2  | Found a corrupted altar of Lugonu.
 73320 | Abyss:2  | Found a corrupted altar of Lugonu.
 73368 | Abyss:2  | Found a corrupted altar of Lugonu.
 73416 | Abyss:3  | Reached skill level 21 in Shapeshifting
 73659 | Abyss:3  | Found a corrupted altar of Lugonu.
 73815 | Abyss:3  | Reached skill level 22 in Shapeshifting
 73855 | Abyss:3  | Got an abyssal rune of Zot
 73973 | Depths:2 | Escaped the Abyss
 74061 | Tar:1    | Entered Level 1 of Tartarus
 74166 | Tar:4    | Noticed an ancient lich
 74172 | Tar:4    | Killed an ancient lich
 74175 | Tar:4    | Found a huge runed translucent gate.
 74211 | Tar:4    | Found a huge runed translucent gate.
 74212 | Tar:4    | Found a huge runed translucent gate.
 74212 | Tar:4    | Found a huge runed translucent gate.
 74213 | Tar:4    | Found a huge runed translucent gate.
 74213 | Tar:4    | Found a huge runed translucent gate.
 74213 | Tar:4    | Found a huge runed translucent gate.
 74213 | Tar:4    | Found a huge runed translucent gate.
 74214 | Tar:4    | Found a huge runed translucent gate.
 74215 | Tar:4    | Found a huge runed translucent gate.
 74216 | Tar:4    | Found a huge runed translucent gate.
 74219 | Tar:4    | Found a huge runed translucent gate.
 74221 | Tar:4    | Found a huge runed translucent gate.
 74222 | Tar:4    | Found a huge runed translucent gate.
 74223 | Tar:4    | Found a huge runed translucent gate.
 74226 | Tar:4    | Found a huge runed translucent gate.
 74229 | Tar:4    | Found a huge runed translucent gate.
 74229 | Tar:4    | Found a huge runed translucent gate.
 74290 | Tar:4    | Found a huge runed translucent gate.
 74290 | Tar:4    | Found a huge runed translucent gate.
 74290 | Tar:4    | Found a huge runed translucent gate.
 74290 | Tar:4    | Found a huge runed translucent gate.
 74293 | Tar:4    | Reached skill level 23 in Shapeshifting
 74293 | Tar:4    | Found a huge runed translucent gate.
 74294 | Tar:4    | Found a huge runed translucent gate.
 74700 | Tar:7    | Entered Level 7 of Tartarus
 74728 | Tar:7    | Reached skill level 11 in Dodging
 74746 | Tar:7    | Reached skill level 16 in Shields
 74919 | Tar:7    | Identified the +11 flail of Pulez {vamp, Str+2 Stlth+}
 74949 | Tar:7    | Reached skill level 12 in Dodging
 75029 | Tar:7    | HP: 178/396 [??? (36)]
 75037 | Tar:7    | HP: 113/396 [Tzitzimitl (6)]
 75159 | Tar:7    | Noticed Ereshkigal
 75177 | Tar:7    | Killed Ereshkigal
 75178 | Tar:7    | Reached skill level 17 in Shields
 75188 | Tar:7    | Identified the +6 dagger "Ofeg" {freeze, ^Drain rC+ Str+4
                  | Int+2}
 75192 | Tar:7    | Identified the staff "Saxicvisu" {rPois rF- rC+ rN+ Str+8
                  | Necro Ice}
 75194 | Tar:7    | Got a bone rune of Zot
 75199 | Tar:7    | Identified the +0 pair of boots "Poev" {rF++}
 75280 | Tar:7    | Identified the staff of Valiance {Dex+4 Earth}
 75478 | Dis:1    | Entered Level 1 of the Iron City of Dis
 75481 | Dis:1    | Reached skill level 13 in Dodging
 75837 | Dis:3    | Reached skill level 18 in Shields
 75924 | Dis:3    | Noticed a dread lich
 75927 | Dis:3    | Killed a dread lich
 75928 | Dis:3    | Reached skill level 14 in Dodging
 76030 | Hell     | HP: 187/396 [caustic shrike (19)]
 76037 | Hell     | HP: 144/396 [iron golem (22)]
 76227 | Dis:4    | Reached skill level 15 in Dodging
 76233 | Dis:4    | HP: 149/304 [iron golem[an iron giant] (34)]
 76675 | Dis:7    | Entered Level 7 of the Iron City of Dis
 77073 | Dis:7    | Noticed Dispater
 77082 | Dis:7    | Killed Dispater
 77122 | Dis:7    | Identified the +1 storm dragon scales of Odimaeta {rElec
                  | rPois Int+3}
 77125 | Dis:7    | Identified the +4 arbalest of Discretion {speed, Str+6
                  | Int+3}
 77127 | Dis:7    | Got an iron rune of Zot
 77138 | Dis:7    | Identified the +6 sling of Ginefuju {elec, rF- rC++ Will+++
                  | MP-9}
 77141 | Dis:7    | Got the Enchiridion on Non-linear Imprecation
 77392 | Dis:7    | Identified the +3 scale mail "Kig Apt" {rF+ Dex+4}
 77410 | Dis:7    | Reached skill level 13 in Translocations
 77999 | Geh:1    | Entered Level 1 of Gehenna
 78003 | Geh:1    | Reached skill level 18 in Fighting
 78016 | Geh:1    | Noticed an ancient lich
 78030 | Geh:1    | Killed an ancient lich
 78063 | Geh:1    | HP: 187/465 [??? (99)]
 78282 | Geh:1    | HP: 199/466 [??? (105)]
 78778 | Geh:2    | Reached skill level 24 in Shapeshifting
 79440 | Geh:4    | sleeves: ??manifold assault
 79440 | Geh:4    | beem: manifold assault[1/2]: L4 Translocations spell that
                  | attacks 2-4 (1-2 with UC) random hostile monsters in LOS
                  | using your current melee attack. In 0.29- it was a L5 spell
                  | and didn't have the UC nerf.
 79440 | Geh:4    | sleeves: ??manifold assault[2]
 79440 | Geh:4    | beem: manifold assault[2/2]: The delay of the action is the
                  | same as your weapon delay. Spellpower increases the number
                  | of attacks. Certain unrands with AOE that require prompting
                  | don't work with this spell. Added in 0.27.
 79866 | Geh:6    | Reached skill level 14 in Translocations
 80185 | Geh:7    | Entered Level 7 of Gehenna
 80342 | Geh:7    | Reached skill level 19 in Fighting
 81035 | Geh:7    | Found the brooch of Shielding {Spirit SH+8}
 81439 | Geh:7    | Reached skill level 25 in Shapeshifting
 81670 | Geh:7    | Found the +8 storm bow {elec, penet}
 81731 | Geh:7    | Identified the +2 robe "Dateaz" {rC+ rN+ Dex+3}
 81847 | Geh:7    | Found the +13 sceptre of Asmodeus
 81847 | Geh:7    | Noticed Asmodeus
 81853 | Geh:7    | Killed Asmodeus
 81874 | Geh:7    | Found the +9 staff of Olgreb {rPois∞}
 81974 | Geh:7    | Got the Omnibus of the Gathering
 81976 | Geh:7    | Identified the +1 plate armour of Beauty {Str+3 Int+3}
 81979 | Geh:7    | Identified the +6 orcbow "Beastslayer" {antimagic, Int+4}
 81987 | Geh:7    | Got an obsidian rune of Zot
 82353 | Hell     | Found a gateway to the freezing wastes of Cocytus.
 82499 | Coc:1    | Entered Level 1 of Cocytus
 83031 | Coc:2    | Reached skill level 20 in Fighting
 83209 | Coc:4    | HP: 151/305 [Ice Fiend (5)]
 83216 | Coc:4    | HP: 133/310 [Ice Fiend/bolt of cold (4)]
 83227 | Coc:4    | HP: 111/313 [shard shrike/shard of ice (27)]
 83776 | Coc:6    | Reached skill level 26 in Shapeshifting
 84062 | Coc:7    | Entered Level 7 of Cocytus
 84322 | Coc:7    | Reached skill level 21 in Fighting
 84334 | Coc:7    | Paralysed by a wendigo for 1 turns
 84686 | Coc:7    | Paralysed by a wendigo for 1 turns
 85201 | Coc:7    | Noticed the Serpent of Hell
 85211 | Coc:7    | Killed the Serpent of Hell
 86223 | Coc:7    | Noticed Antaeus
 86277 | Coc:7    | Killed Antaeus
 86284 | Coc:7    | Got an icy rune of Zot
 86318 | Coc:7    | Got Zaatom Sophe's Codex of Evil
 86319 | Coc:7    | Identified the ring "Daubiff" {rElec Dex+2 Slay+4}
 86320 | Coc:7    | Identified the staff "Ringu" {rPois Will- MP+9 Conj}
 86369 | Coc:7    | Reached skill level 27 in Shapeshifting
 86704 | Pan      | Entered Pandemonium
 86725 | Pan      | Reached skill level 22 in Fighting
 87140 | Pan      | Noticed Jiesea the pandemonium lord
 87142 | Pan      | Killed Jiesea the pandemonium lord
 87158 | Pan      | Gained mutation: You are dopey. (Int -2) [a neqoxec]
 87182 | Pan      | Got a demonic rune of Zot
 87183 | Pan      | Identified the ring "Kavvic" {rN+ Will+ Dex+2}
 87428 | Pan      | Noticed Hil Umnu the pandemonium lord
 87446 | Pan      | Killed Hil Umnu the pandemonium lord
 87456 | Depths:2 | Escaped Pandemonium
 88005 | Pan      | Entered Pandemonium
 88095 | Pan      | Lost mutation: You are robust. (+10% HP) [a neqoxec]
 88111 | Pan      | Reached skill level 23 in Fighting
 88172 | Pan      | Noticed Liumn the pandemonium lord
 88178 | Pan      | Killed Liumn the pandemonium lord
 88862 | Pan      | Identified the +8 short sword of the Blushing Gods {flame,
                  | Str+5 Dex-3}
 89092 | Pan      | sleeves: ??glowing rune of zot
 89092 | Pan      | beem: I don't have a page labeled glowing_rune_of_zot in my
                  | learndb.
 89172 | Pan      | Found a runed translucent door.
 89243 | Pan      | HP: 183/400 [hellion/damnation (28)]
 89474 | Pan      | Noticed Koadgh the pandemonium lord
 89476 | Pan      | Killed Koadgh the pandemonium lord
 89477 | Pan      | Reached skill level 24 in Fighting
 89482 | Pan      | HP: 197/401 [??? (40)]
 89813 | Pan      | Identified the +2 morningstar of Watchfulness {flame, rElec
                  | Will+ Str+2 Dex+3}
 89943 | Pan      | Noticed Avveoth the pandemonium lord
 89946 | Pan      | Killed Avveoth the pandemonium lord
 90474 | Pan      | Entered the realm of Mnoleg.
 90474 | Pan      | Noticed Mnoleg
 90491 | Pan      | HP: 188/405 [??? (39)]
 90660 | Pan      | Gained mutation: You have large cloven feet. [a cacodemon]
 90747 | Pan      | Reached skill level 25 in Fighting
 90753 | Pan      | Gained mutation: You are very dopey. (Int -4) [a cacodemon]
 90757 | Pan      | Gained mutation: You occasionally lose the ability to drink
                  | potions when taking damage. [a neqoxec]
 90758 | Pan      | Gained mutation: You occasionally shout uncontrollably at
                  | your foes. [a neqoxec]
 90784 | Pan      | Gained mutation: Armour fits poorly on your strangely
                  | shaped body. [a neqoxec]
 91491 | Pan      | Killed Mnoleg
 92133 | Pan      | Got a glowing rune of Zot
 92169 | Pan      | Reached skill level 26 in Fighting
 92340 | Pan      | Lost mutation: You possess an exceptional clarity of mind.
                  | [a cacodemon]
 92540 | Pan      | Lost mutation: You have large cloven feet. [potion of
                  | mutation]
 92540 | Pan      | Lost mutation: Armour fits poorly on your strangely shaped
                  | body. [potion of mutation]
 92540 | Pan      | Lost mutation: Your muscles are strong. (Str +4, Int/Dex
                  | -1) [potion of mutation]
 92540 | Pan      | Gained mutation: You are covered in thick fur. (AC +2)
                  | [potion of mutation]
 92540 | Pan      | Gained mutation: You are partially covered in iridescent
                  | scales. (AC +2) [potion of mutation]
 92541 | Pan      | Lost mutation: You are partially covered in iridescent
                  | scales. (AC +2) [potion of mutation]
 92541 | Pan      | Lost mutation: You are covered in thick fur. (AC +2)
                  | [potion of mutation]
 92541 | Pan      | Lost mutation: You occasionally lose the ability to drink
                  | potions when taking damage. [potion of mutation]
 92541 | Pan      | Gained mutation: You occasionally lose the ability to drink
                  | potions when taking damage. [potion of mutation]
 92541 | Pan      | Gained mutation: You are vulnerable to heat. (rF-) [potion
                  | of mutation]
 92542 | Pan      | Lost mutation: You occasionally shout uncontrollably at
                  | your foes. [potion of mutation]
 92542 | Pan      | Lost mutation: You have an increased reservoir of magic.
                  | (+10% MP) [potion of mutation]
 92543 | Pan      | Lost mutation: You occasionally lose the ability to drink
                  | potions when taking damage. [potion of mutation]
 92543 | Pan      | Lost mutation: You are very dopey. (Int -4) [potion of
                  | mutation]
 92543 | Pan      | Lost mutation: You are dopey. (Int -2) [potion of mutation]
 92543 | Pan      | Gained mutation: Your muscles are strong. (Str +4, Int/Dex
                  | -1) [potion of mutation]
 92543 | Pan      | Gained mutation: Your magical capacity is low. (-10% MP)
                  | [potion of mutation]
 92544 | Pan      | Lost mutation: Your magical capacity is low. (-10% MP)
                  | [potion of mutation]
 92544 | Pan      | Lost mutation: Your muscles are strong. (Str +4, Int/Dex
                  | -1) [potion of mutation]
 92544 | Pan      | Gained mutation: You have large cloven feet. [potion of
                  | mutation]
 92545 | Pan      | Lost mutation: You are vulnerable to heat. (rF-) [potion of
                  | mutation]
 92545 | Pan      | Lost mutation: You have large cloven feet. [potion of
                  | mutation]
 92545 | Pan      | Gained mutation: You are somewhat resistant to further
                  | mutation. [potion of mutation]
 92561 | Pan      | Identified the +5 orcbow of Kyrphaevo {freeze, rPois Int+2
                  | SInv Stlth-}
 93016 | Pan      | Noticed Ignacio
 93024 | Pan      | Killed Ignacio
 93532 | Pan      | Reached skill level 27 in Fighting
 93665 | Pan      | Noticed Higeqi the pandemonium lord
 93668 | Pan      | Killed Higeqi the pandemonium lord
 93688 | Depths:2 | Escaped Pandemonium
 93962 | Vaults:3 | You paid a toll of a +7 demon blade to enter a treasure
                  | trove
 93963 | Trove    | Entered a treasure trove
 93995 | Trove    | Identified the amulet of Pride {rPois Regen+ MP-9 SInv}
 93997 | Trove    | Identified the amulet of Guojac {Faith rF+ rN+ Int+2}
 94015 | Trove    | Found the +8 trishula "Condemnation" {holy, anguish, *Noise
                  | Fly rN+}
 94367 | Pan      | Entered Pandemonium
 94494 | Pan      | Noticed Qigu the pandemonium lord
 94505 | Pan      | Killed Qigu the pandemonium lord
 94610 | Pan      | Entered the realm of Lom Lobon.
 94610 | Pan      | Noticed Lom Lobon
 94619 | Pan      | Killed Lom Lobon
 94643 | Pan      | Got a magical rune of Zot
 94668 | Depths:2 | Escaped Pandemonium
 94670 | Pan      | Entered the realm of Gloorx Vloq.
 94670 | Pan      | Entered Pandemonium
 94690 | Pan      | Noticed Gloorx Vloq
 94691 | Pan      | Reached skill level 16 in Dodging
 94699 | Pan      | Killed Gloorx Vloq
 94703 | Pan      | Reached skill level 19 in Shields
 94766 | Pan      | Got a dark rune of Zot
 94902 | Pan      | Entered the realm of Cerebov.
 95185 | Pan      | Found the +6 sword of Cerebov {flame}
 95185 | Pan      | Noticed Cerebov
 95200 | Pan      | Killed Cerebov
 95201 | Pan      | Reached skill level 15 in Spellcasting
 95365 | Pan      | Got a fiery rune of Zot
 95419 | Pan      | Noticed Wemif the pandemonium lord
 95422 | Pan      | Killed Wemif the pandemonium lord
 95677 | Pan      | Noticed Nuleloe the pandemonium lord
 95684 | Pan      | Killed Nuleloe the pandemonium lord
 95685 | Pan      | Reached skill level 17 in Dodging
 95812 | Pan      | Found a runed translucent door.
 95818 | Pan      | Found a runed translucent door.
 95882 | Pan      | Noticed Xawosoew the pandemonium lord
 95885 | Pan      | Reached skill level 20 in Shields
 95895 | Pan      | Killed Xawosoew the pandemonium lord
 95934 | Pan      | Noticed Gacuytuv the pandemonium lord
 95939 | Pan      | Killed Gacuytuv the pandemonium lord
 95967 | Depths:2 | Escaped Pandemonium
 96333 | Tomb:1   | Entered Level 1 of the Tomb of the Ancients
 96334 | Tomb:1   | Noticed a royal mummy
 96551 | Tomb:1   | Noticed a royal mummy
 96562 | Tomb:1   | Killed a royal mummy
 96578 | Tomb:1   | Noticed a royal mummy
 96581 | Tomb:1   | Killed a royal mummy
 96669 | Tomb:1   | Noticed a royal mummy
 96676 | Tomb:1   | Killed a royal mummy
 96723 | Tomb:2   | Noticed a royal mummy
 96725 | Tomb:2   | Noticed a royal mummy
 96725 | Tomb:2   | Noticed a royal mummy
 96725 | Tomb:2   | Noticed a royal mummy
 96726 | Tomb:2   | Noticed a royal mummy
 96729 | Tomb:2   | HP: 201/419 [??? (41)]
 96843 | Tomb:2   | HP: 183/419 [??? (38)]
 96845 | Tomb:2   | Killed a royal mummy
 96845 | Tomb:2   | HP: 90/419 [??? (18)]
 96847 | Tomb:2   | Killed a royal mummy
 96847 | Tomb:2   | Killed a royal mummy
 96847 | Tomb:2   | Killed a royal mummy
 97009 | Tomb:2   | Killed a royal mummy
 97010 | Tomb:2   | Reached skill level 18 in Dodging
 97276 | Tomb:2   | Reached skill level 16 in Spellcasting
 97353 | Tomb:3   | Entered Level 3 of the Tomb of the Ancients
 97363 | Tomb:3   | Paralysed by a Zot trap for 5 turns
 97366 | Tomb:3   | Noticed a royal mummy
 97485 | Tomb:3   | Noticed a royal mummy
 97488 | Tomb:3   | Killed a royal mummy
 97489 | Tomb:3   | Reached skill level 21 in Shields
 97496 | Tomb:3   | Noticed a royal mummy
 97498 | Tomb:3   | Killed a royal mummy
 97506 | Tomb:3   | Killed a royal mummy
 97524 | Tomb:3   | Noticed a royal mummy
 97525 | Tomb:3   | Noticed a royal mummy
 97527 | Tomb:3   | Noticed a royal mummy
 97533 | Tomb:3   | Killed a royal mummy
 97533 | Tomb:3   | HP: 153/323 [spore (9)]
 97536 | Tomb:3   | Noticed a royal mummy
 97537 | Tomb:3   | Killed a royal mummy
 97539 | Tomb:3   | HP: 143/323 [cloud of flame (1)]
 97544 | Tomb:3   | Killed a royal mummy
 97544 | Tomb:3   | HP: 124/323 [spore (2)]
 97550 | Tomb:3   | Killed a royal mummy
 97550 | Tomb:3   | HP: 69/323 [phantasmal warrior[a mummy priest] (12)]
 97730 | Tomb:3   | Noticed a royal mummy
 97789 | Tomb:3   | Killed a royal mummy
 97870 | Tomb:3   | Identified the ring "Icsa Duq" {Ice Int+3 Dex+2}
 97873 | Tomb:3   | Got the Secrets of Fog and Impulse
 97928 | Tomb:3   | Got a golden rune of Zot
 98678 | Zot:5    | Got the Orb of Zot
 99136 | D:11     | Noticed Ysyerol the pandemonium lord
 99143 | D:11     | Killed Ysyerol the pandemonium lord
 99181 | D:10     | Noticed Nusutiol the pandemonium lord
 99188 | D:10     | Killed Nusutiol the pandemonium lord
 99202 | D:10     | Noticed Japiale the pandemonium lord
 99205 | D:10     | Killed Japiale the pandemonium lord
 99464 | D:$      | Escaped with the Orb!

Illustrated notes

Levels and vault maps discovered:
D:1:      dpeg_arrival_rooms_with_view, layout_loops_ring,
          ebering_ecumenical_altar_rust, minmay_misc_feat_room, chequers_garden,
          chequers_serial_rivers_large_a, minmay_hedge_maze,
          minmay_misc_feat_five, st_stairs_3
D:2:      layout_basic, basic_altar, minmay_small_reverse_x
D:3:      layout_basic, uniq_natasha
D:4:      layout_basic, lemuel_coloured_pillars_altar,
          mainiacjoe_overflow_six_doors_small, uniq_duvessa, uniq_grinder,
          uniq_sigmund
D:5:      layout_cave_pools
D:6:      layout_cave_pods, temple_green, portal_sewer_entry_d,
          serial_bayou_pond_c
D:7:      gammafunk_cloud_chamber, layout_rooms, amcnicky_altar_gilded,
          serial_shops, shop, hangedman_abyss_or_decor_lesser_grid,
          nicolae_benzene_ring, grunt_ministairs_8, minmay_tree_intersection
D:8:      layout_loops_ring, gammafunk_ghost_wrathful_warriors
D:9:      layout_roguey, lemuel_doored_altar, lair_entry_dummy, serial_shops,
          shop, hangedman_fish_farm, uniq_erolcha
D:10:     layout_basic, dk_vineyard_3
D:11:     layout_gridville, gammafunk_ghost_smash
D:12:     minmay_expanding_circles, layout_rooms, orc_0_dummy, uniq_gastronok
D:13:     layout_rooms, minmay_sticks_and_stones
D:14:     layout_irregular_city, david_vaults_1, serial_column_ruins,
          column_ruins_circle_medium, column_ruins_square_medium,
          column_ruins_corridor_straight, column_ruins_open_tiny,
          column_ruins_open_large, column_ruins_columns_straight,
          column_ruins_grid_1, column_ruins_open_tiny,
          column_ruins_corridor_dead_end, nicolae_looking_at_the_future
D:15:     gammafunk_enter_depths_forms, layout_loops_ring, serial_shops, shop,
          uniq_agnes
Temple:   dpeg_five_rooms_temple
Lair:1:   layout_small_grid
Lair:2:   layout_gridlike, special_room, st_stairs_3,
          infiniplex_staircase_pool_2
Lair:3:   layout_long_grid, swamp_mist, nicolae_spider_entry_orb_guardian
Lair:4:   layout_loops_ring, minmay_slime_entry_oklob_enclosed,
          gauntlet_entry_generic, uniq_rupert
Lair:5:   hellmonk_lair_end_abyssal_woods, layout_regular_city,
          grunt_megastairs_4, uniq_kirke
Swamp:1:  nicolae_swamp_flooded_prison, layout_basic_swamp,
          gammafunk_ghost_split, evilmike_swamp_ruin_house_5,
          infiniplex_staircase_pool, uniq_nikola
Swamp:2:  layout_basic_swamp, hangedman_swamp_blocks
Swamp:3:  layout_basic_swamp, hangedman_swamp_ruin_wall, swamp_pool_4,
          uniq_aizul, uniq_louise
Swamp:4:  swamp, layout_basic_swamp
Spider:1: layout_spider_delve
Spider:2: layout_spider_delve, hangedman_spider_tarantella_strand, uniq_arachne
Spider:3: layout_chambers, uniq_jorgrun
Spider:4: grunt_spider_rune_parallel
Slime:1:  layout_caves
Slime:2:  layout_caves, nicolae_slime_round_cave
Slime:3:  layout_caves
Slime:4:  layout_caves, nicolae_slime_rock_hall_of_fame
Slime:5:  slime_pit_nicolae_inversion
Orc:1:    layout_diamond_mine, sword_in_stone
Orc:2:    grunt_orc_gardens, layout_caves, grunt_orc_garden, grunt_orc_garden,
          grunt_orc_garden, grunt_orc_garden, serial_shops, shop,
          david_defended_altar_orc
Elf:1:    elf_arrival_002, layout_loops_cross, basic_altar,
          guppyfry_library_mini, uniq_frances
Elf:2:    nicolae_elf_blades_crystal_corner, layout_geoelf_diagonals,
          gammafunk_ghost_arena, serial_shops, nicolae_square_shop, basic_altar,
          nicolae_wooded_promenade
Elf:3:    elf_hall, layout_gridlike, serial_shops, shop,
          nicolae_elf_theology_debate, minmay_shop_grove, uniq_saint_roka,
          uniq_donald, uniq_roxanne
Vaults:1: ontoclasm_vaults_chip, nicolae_vaults_mini_display_case,
          nicolae_vaults_tangram_1, nicolae_vaults_wine_cellar, v_rooms_5,
          vaults_mumra_minichess_inversion, nicolae_vaults_trapezoid_lopsided_2,
          nicolae_vaults_network_periphery, special_room_vaults
          [special_room_orc], ontoclasm_vaults_misaligned,
          nicolae_vaults_apartment_1, layout_vaults_omnicross
Vaults:2: ontoclasm_vaults_ring_square, v_misc_10,
          minmay_crypt_entry_simple_plaza, v_alt_pattern_2,
          nicolae_vaults_more_shelving_2, nicolae_vaults_security_offices_2,
          nicolae_vaults_ring_of_whatevers, layout_vaults_quadrants
Vaults:3: nicolae_vaults_angled_halls, nicolae_vaults_variable_pillar_hall,
          hangedman_vaults_pinch, v_misc_13, nicolae_vaults_sightless_eye,
          nicolae_vaults_doubleplus_tesselated,
          nicolae_vaults_ring_of_whatevers, vaults_room_guarded_vault,
          nicolae_vaults_specimen_jars, vaults_dpeg_hooks,
          layout_vaults_chaotic_city, enter_trove_5
Vaults:4: gammafunk_ghost_abyssal_escape, nicolae_vaults_tetromino_T_2,
          v_misc_2, nicolae_vaults_double_plus_1, nicolae_vaults_big_ls,
          v_misc_13, hangedman_vaults_capsules, hangedman_vaults_trim,
          v_misc_16, nicolae_vaults_triangles, vaults_dpeg_doors,
          nicolae_vaults_network_star, nicolae_vaults_little_squares_1,
          layout_vaults_maze
Vaults:5
Crypt:1:  layout_gridlike, nicolae_crypt_grave_offerings, grunt_megastairs_3
Crypt:2:  layout_misc_corridors, due_unseen_surprise,
          roderic_lattice_octagonal_star
Crypt:3:  lightli_unholy_cathedral, layout_chaotic_city,
          tomb_entry_pyramid_bobbens, nicolae_crypts_crumbling_nooks
Tomb:1
Tomb:2
Tomb:3
Depths:1: layout_cave_shapes, serial_glass, glass_columns_b, glass_columns_c,
          grunt_mini_vestibule, serial_shops, shop, nicolae_diamond_shop,
          nicolae_kikubaaqudgha_miasma_corner, minmay_shoptagon,
          grunt_megastairs_5, uniq_bai_suzhen
Depths:2: kennysheep_spiral_hall, layout_gridlike, hell_entry,
          grunt_pan_entry_sceptre, abyss_entry, corexii_corridor_pit,
          grunt_absolute_annihilation, firewood_loft
Depths:3: nzn_winding_woodlands_stair_cross
          [nzn_winding_woodlands_5x15_longhouse,
          nzn_winding_woodlands_center_pierced_h,
          nzn_winding_woodlands_5x15_default,
          nzn_winding_woodlands_5x5_perimeter,
          nzn_winding_woodlands_5x5_closed_star,
          nzn_winding_woodlands_5x15_zeroes,
          nzn_winding_woodlands_center_garden, nzn_winding_woodlands_5x15_eye],
          layout_gridlike, enter_ziggurat_f, hell_entry, abyss_entry,
          serial_shops, shop, uniq_mennas, uniq_parghit
Depths:4: grunt_zot_entry_gee_three, layout_gridville, hellmouth_1,
          abyss_entry_small_statue_room, hangedman_abyss_or_decor_clamps,
          nicolae_blasting_shop, drop_trap, nicolae_uskayaw_en_pointe, uniq_vv
Hell
Dis:1:    layout_gridville
Dis:2:    layout_subdivisions
Dis:3:    layout_overlapping_boxes, lemuel_dis_dragons
Dis:4:    layout_gridville
Dis:5:    layout_jigsaw
Dis:6:    layout_jigsaw
Dis:7:    iron_city_of_dis [dis_mu, dis_wall_3], layout_gridville
Geh:1:    nicolae_hells_demon_pit, layout_gehenna_pools_triple
Geh:2:    layout_gehenna_pools_box
Geh:3:    nicolae_hells_giants_party, layout_gehenna_lava_caves,
          nicolae_geh_single_fiery_grave
Geh:4:    layout_gehenna_lava_caves
Geh:5:    layout_gehenna_lava_caves
Geh:6:    layout_gehenna_pools_triple, nicolae_hells_seeping_fissure
Geh:7:    geh_mu
Coc:1:    layout_ice_bergs
Coc:2:    layout_ice_bergs
Coc:3:    layout_cocytus_water_paths
Coc:4:    layout_cocytus_water_paths
Coc:5:    layout_cocytus_delve
Coc:6:    layout_ice_bergs, nicolae_coc_statues_of_limitations
Coc:7:    coc_old
Tar:1:    layout_grid_maze
Tar:2:    layout_grid_maze, nicolae_hells_hurtin_island
Tar:3:    layout_grid_maze
Tar:4:    layout_grid_maze, nicolae_tar_cuneiform_city, door_vault
Tar:5:    layout_catacombs
Tar:6:    layout_catacombs
Tar:7:    tar_minmay_river
Zot:1:    layout_gridlike
Zot:2:    layout_gridlike, grunt_megastairs_1
Zot:3:    layout_gridlike, regret_index_zotdec_carving_tricks,
          ebering_ghost_gozag
Zot:4:    layout_gridlike, grunt_megastairs_2
Zot:5:    layout_cellular_growth, hangedman_zot_decor_tridents,
          regret_index_zotdec_slimy_original

Skill      XL: |  1  2  3  4  5  6  7  8  9 10 11 12 13 14 15 16 17 18 19 20 21 22 23 24 25 26 27 |
---------------+----------------------------------------------------------------------------------+-----
Unarmed Combat | 1 2 3 4 5 7 9 10 11 12 13 15 16 17 18 20 22 23 24 25 27 | 27.0
Dodging        | 3 5 6 8 10 18 | 18.9
Fighting       | 2 4 6 8 10 11 12 13 14 16 17 27 | 27.0
Invocations    | 6 11 12 14 | 14.0
Translocations | 5 7 8 9 10 12 14 | 14.0
Shields        | 6 10 12 13 15 21 | 21.6
Spellcasting   | 4 8 10 11 12 13 14 16 | 16.6
Shapeshifting  | 8 14 16 17 27 | 27.0
Stealth        | |  1.0
Conjurations   | |  0.6
Alchemy        | |  2.1

Action                     |  1- 3 |  4- 6 |  7- 9 | 10-12 | 13-15 | 16-18 | 19-21 | 22-24 | 25-27 || total
---------------------------+-------+-------+-------+-------+-------+-------+-------+-------+-------++-------
  Melee: Unarmed           |   109 |   185 |   359 |   496 |   884 |  1394 |  1633 |  1187 |  4824 || 11071
         Punch             |     2 |     7 |    12 |    40 |   105 |    62 |       |       |    12 ||   240
         Kick              |       |       |       |       |       |       |       |       |    53 ||    53
         Bite              |       |       |       |       |       |       |       |       |     7 ||     7
         Tailslap          |       |       |       |       |       |       |       |       |     4 ||     4
   Cast: Lesser Beckoning  |       |       |       |       |    57 |    94 |    98 |    61 |    99 ||   409
         Manifold Assault  |       |       |       |       |    24 |   341 |   279 |   296 |  1558 ||  2498
         Passage of Golubr |       |       |       |       |       |       |    10 |     5 |    23 ||    38
         Blink             |       |       |       |       |       |       |     1 |       |     4 ||     5
         Apportation       |       |       |       |       |       |       |       |     2 |     1 ||     3
         Dispersal         |       |       |       |       |       |       |       |       |    11 ||    11
 Invoke: Slouch            |       |       |       |       |    13 |     6 |     8 |     7 |    22 ||    56
         Temporal Distorti |       |       |       |       |     1 |       |       |       |       ||     1
Ability: Begin Untransform |       |       |       |       |       |       |       |     4 |     7 ||    11
         Evoke Blink       |       |       |       |       |       |       |       |       |     1 ||     1
  Evoke: Wand              |       |       |       |    10 |     7 |     9 |     1 |     1 |     3 ||    31
         Phial of floods   |       |       |       |       |       |     1 |     1 |       |       ||     2
         Lightning rod     |       |       |       |       |       |       |       |       |     2 ||     2
         Phantom mirror    |       |       |       |       |       |       |       |       |     2 ||     2
    Use: Scroll            |       |       |       |     7 |    10 |     5 |    17 |     1 |    80 ||   120
         Potion            |       |       |       |     1 |     1 |     3 |     1 |     2 |    38 ||    46
   Stab: Sleeping          |     3 |     2 |     2 |     2 |     3 |       |       |     3 |     3 ||    18
         Distracted        |       |       |       |       |     2 |     2 |       |       |    10 ||    14
         Confused          |       |       |       |       |       |       |       |       |     1 ||     1
         Paralysed         |       |       |       |       |       |       |       |       |     1 ||     1
 Armour: Robe              |    75 |   124 |   235 |   397 |     6 |       |       |       |       ||   837
         Steam dragon scal |       |       |       |       |   586 |   643 |       |       |       ||  1229
         Skin              |       |       |       |       |     6 |       |       |   343 |  1503 ||  1852
         Swamp dragon scal |       |       |       |       |       |    64 |   561 |    81 |       ||   706
         Gold dragon scale |       |       |       |       |       |       |       |       |   269 ||   269
  Dodge: Dodged            |    50 |    91 |   168 |   333 |   549 |   614 |   425 |   380 |  2050 ||  4660
         Repelled          |       |       |       |       |       |       |     3 |     7 |    73 ||    83
  Block: Tower shield      |       |       |       |       |       |   574 |  1129 |  1008 |  4184 ||  6895
   Form: Statue            |       |       |       |       |       |       |       |     5 |    11 ||    16
         Dragon            |       |       |       |       |       |       |       |       |     4 ||     4
         Death             |       |       |       |       |       |       |       |       |     3 ||     3
                           |       |       |       |       |       |       |       |       |     1 ||     1

Table legend: (Time is in decaauts)
 A = Elapsed time spent in this place.
 B = Non-inter-level travel time spent in this place.
 C = Inter-level travel time spent in this place.
 D = Time resting spent in this place.
 E = Time spent auto-exploring this place.
 F = Levels seen in this place.
 G = Mean time per level.
                   A        B        C        D        E       F      G
               +--------+--------+--------+--------+--------+-----+--------+
         Total | 171117 | 140191 |  30926 |  13297 |  97037 | 122 | 1402.6 |
       Dungeon |  22309 |  16236 |   6073 |    684 |  12628 |  15 | 1487.3 |
        Temple |    117 |      4 |    113 |      0 |      0 |   1 |  117.0 |
          Lair |  11107 |   9258 |   1849 |    147 |   7647 |   5 | 2221.4 |
         Swamp |   8489 |   7767 |    722 |    665 |   5774 |   4 | 2122.2 |
   Spider Nest |  10107 |   8694 |   1413 |   1165 |   6264 |   4 | 2526.8 |
    Slime Pits |   6718 |   5368 |   1350 |    949 |   3367 |   5 | 1343.6 |
  Orcish Mines |   3212 |   2702 |    510 |    363 |   1915 |   2 | 1606.0 |
   Elven Halls |   6475 |   5654 |    821 |    526 |   4085 |   3 | 2158.3 |
        Vaults |  19037 |  14663 |   4374 |   1032 |  11009 |   5 | 3807.4 |
         Crypt |   7313 |   5982 |   1331 |    359 |   4397 |   3 | 2437.7 |
          Tomb |   2868 |   1898 |    970 |   1005 |    287 |   3 |  956.0 |
        Depths |  15927 |  11886 |   4041 |    897 |   9402 |   4 | 3981.8 |
          Hell |   2159 |   1644 |    515 |    244 |   1051 |   1 | 2159.0 |
           Dis |   3858 |   2483 |   1375 |    565 |   1020 |   7 |  551.1 |
       Gehenna |   8114 |   7369 |    745 |   1659 |   4850 |   7 | 1159.1 |
       Cocytus |   5134 |   4516 |    618 |    573 |   3216 |   7 |  733.4 |
      Tartarus |   2998 |   1725 |   1273 |    375 |    658 |   7 |  428.3 |
           Zot |  14559 |  11733 |   2826 |    401 |  10102 |   5 | 2911.8 |
         Abyss |   3153 |   3153 |      0 |      2 |      0 |   4 |  788.2 |
   Pandemonium |  15891 |  15891 |      0 |   1506 |   8466 |  27 |  588.6 |
         Trove |    172 |    172 |      0 |      0 |    147 |   1 |  172.0 |
         Sewer |    495 |    495 |      0 |      0 |    378 |   1 |  495.0 |
      Gauntlet |    895 |    895 |      0 |    176 |    368 |   1 |  895.0 |
               +--------+--------+--------+--------+--------+-----+--------+

Top non-repeatable levels by time:
Vaults:2: 5158 daAuts
Depths:2: 4682 daAuts
Depths:1: 4061 daAuts
Vaults:5: 3987 daAuts
   Geh:7: 3973 daAuts
Depths:3: 3766 daAuts
Vaults:3: 3673 daAuts
 Crypt:3: 3628 daAuts
   Zot:3: 3505 daAuts
Depths:4: 3416 daAuts
Vaults:1: 3396 daAuts
Spider:3: 3346 daAuts
   Coc:7: 3249 daAuts
   Elf:3: 3189 daAuts
   Zot:4: 3180 daAuts
